 Dungeon Crawl Stone Soup version 0.32-a0-422-g28b100f618 (webtiles) character file.

Game seed: 6750093242413842354

5626202 Leszczynek the End of an Era (level 27, 256/261 HPs)
             Began as a Mountain Dwarf Wanderer on Feb 13, 2024.
             Was the Champion of Qazlal.
             Escaped with the Orb
             ... and 6 runes
             ... and 2 gems (0 intact) on Feb 21, 2024!
             The game lasted 05:37:19 (51207 turns).

Leszczynek the End of an Era (MDWn)                Turns: 51207, Time: 05:37:20

Health: 256/261    AC: 42    Str: 39    XL:     27
Magic:  40/40      EV: 20    Int: 17    God:    Qazlal [******]
Gold:   665        SH: 19    Dex: 17    Spells: 15/48 levels left

rFire   + + .        a - +9 broad axe (spect)
rCold   + + .        p - +3 buckler of the Wasteland {rC+ Str+3 Dex+3}
rNeg    . . .        m - +11 plate armour "Puaw" {Int+3}
rPois   .            D - +2 hat {Will+}
rElec   .            z - +4 dragonskin cloak
rCorr   +            B - +3 pair of gauntlets of War {Slay+5}
SInv    +            q - +2 pair of boots of Tulips {^Drain rF+ rC+ Stlth+}
Will    +++..        U - amulet of regeneration Stlth
                     W - ring "Xucs" {rCorr Str+5 Slay+3}
HPRegen 1.43/turn    s - ring of the Peasants {rF+ EV+5 Str+6}
MPRegen 0.27/turn

%: repel missiles
@: studying 2 skills
A: runic magic, artefact enchanting, claws 1, hooves 1, see invisible, strong 1,
subdued magic 1
0: Orb of Zot
}: 6/15 runes: serpentine, barnacled, slimy, silver, abyssal, demonic
a: Renounce Religion, Upheaval, Elemental Force, Disaster Area


You escaped.
You worshipped Qazlal.
Qazlal was exalted by your worship.
You visited 12 branches of the dungeon, and saw 54 of its levels.
You visited Pandemonium 1 time, and saw 5 of its levels.
You visited the Abyss 2 times.
You visited 1 bazaar.
You also visited: Trove, Sewer and Ice Cave.

You collected 7420 gold pieces.
You spent 6755 gold pieces at shops.

Inventory:

Hand Weapons
 a - a +9 spectral broad axe (weapon)
 c - a +6 broad axe of freezing
 x - a +4 antimagic broad axe
 F - the +16 obsidian axe {drain, demonic, Mesm ^Drain Fly SInv}
   (You took it off a deep elf sorcerer on level 5 of the Vaults)

   Mesm:      Its wielder is mesmerised by any visible foes, and it cannot be
   unequipped while any foes are visible.
   SInv:      It lets you see invisible.
   Fly:       It grants you flight.
   ^Drain:    It drains your maximum health when unequipped.
Armour
 m - the +11 plate armour "Puaw" (worn) {Int+3}
   (You bought it in a shop on level 12 of the Dungeon)

   Int+3:     It affects your intelligence (+3).
 p - the +3 buckler of the Wasteland (worn) {rC+ Str+3 Dex+3}
   (You found it on level 2 of the Dungeon)

   Str+3:     It affects your strength (+3).
   Dex+3:     It affects your dexterity (+3).
   rC+:       It protects you from cold.
 q - the +2 pair of boots of Tulips (worn) {^Drain rF+ rC+ Stlth+}
   (You found it on level 7 of the Dungeon)

   rF+:       It protects you from fire.
   rC+:       It protects you from cold.
   ^Drain:    It drains your maximum health when unequipped.
   Stlth+:    It makes you more stealthy.
 z - the +4 dragonskin cloak (worn)
   (You took it off Tiamat on level 2 of the Realm of Zot)

   Avatar's Aegis: It grants the wearer a chance to resist fire, cold, poison,
   electricity, acid, and negative energy.
 B - the +3 pair of gauntlets of War (worn) {Slay+5}
   (You acquired it on level 2 of the Elven Halls)

   Slay+5:    It affects your accuracy & damage with ranged weapons and melee
   (+5).
 D - a +2 hat of willpower (worn)
 I - the +18 shield of the Gong {Loud rN+ Will+ rCorr EV-5}
   (You found it on level 5 of the Vaults)

   Loud:      It is deafeningly noisy when blocking attacks.
   EV-5:      It affects your evasion (-5).
   rN+:       It protects you from negative energy.
   Will+:     It increases your willpower.
   rCorr:     It protects you from acid and corrosion.
Jewellery
 j - a ring of see invisible
 s - the ring of the Peasants (right hand) {rF+ EV+5 Str+6}
   (You found it on level 1 of the Realm of Zot)

   [ring of evasion]

   EV+5:      It affects your evasion (+5).
   Str+6:     It affects your strength (+6).
   rF+:       It protects you from fire.
 y - the ring "Lucutt" {rF+ Will+ Str+6}
   (You found it in a treasure trove)

   [ring of protection from fire]

   Str+6:     It affects your strength (+6).
   rF+:       It protects you from fire.
   Will+:     It increases your willpower.
 J - the ring of Skepticism {rPois rC+}
   (You found it in an ice cave)

   [ring of protection from cold]

   rC+:       It protects you from cold.
   rPois:     It protects you from poison
 Q - a ring of positive energy
 T - the ring "Dunocri" {rPois rF+ Will+ Str+9 Slay-6}
   (You found it on level 3 of the Depths)

   [ring of protection from fire]

   Str+9:     It affects your strength (+9).
   Slay-6:    It affects your accuracy & damage with ranged weapons and melee
   (-6).
   rF+:       It protects you from fire.
   rPois:     It protects you from poison Will+: It increases your willpower.
 U - an amulet of regeneration (around neck)
 W - the ring "Xucs" (left hand) {rCorr Str+5 Slay+3}
   (You acquired it on level 3 of the Shoals)

   [ring of resist corrosion]

   Str+5:     It affects your strength (+5).
   Slay+3:    It affects your accuracy & damage with ranged weapons and melee
   (+3).
   rCorr:     It protects you from acid and corrosion.
 Z - the ring "Zodwean" {rElec rF++ Will+ Int-4 Dex-4}
   (You found it on level 5 of the Vaults)

   [ring of willpower]

   Int-4:     It affects your intelligence (-4).
   Dex-4:     It affects your dexterity (-4).
   rF++:      It greatly protects you from fire.
   rElec:     It insulates you from electricity.
   Will+:     It increases your willpower.
Wands
 d - a wand of paralysis (74)
 h - a wand of flame (151)
 k - a wand of polymorph (37)
 A - a wand of mindburst (28)
 H - a wand of iceblast (55)
 O - a wand of acid (21)
 P - a wand of digging (10)
Scrolls
 e - 14 scrolls of teleportation
 f - 5 scrolls of revelation
 i - 4 scrolls of fear
 n - 6 scrolls of poison
 r - 5 scrolls of summoning
 v - 7 scrolls of vulnerability {!r}
 w - 2 scrolls of enchant armour
 K - 2 scrolls of blinking
 N - 5 scrolls of immolation {!r}
 Y - 8 scrolls of fog
Potions
 b - 6 potions of magic
 g - 5 potions of resistance
 l - 8 potions of might
 o - 16 potions of curing {@q1}
 t - 10 potions of mutation {!q}
 u - 4 potions of invisibility
 C - 8 potions of heal wounds {@q2}
 E - 5 potions of haste
 L - 6 potions of cancellation
 M - 8 potions of enlightenment
 S - 4 potions of ambrosia
Miscellaneous
 G - a tin of tremorstones (2/2)
 V - a lightning rod (4/4)
 X - a box of beasts


   Skills:
 - Level 24.2 Fighting
 - Level 23.3 Axes
 - Level 3.0 Staves
 - Level 12.6 Armour
 - Level 11.0 Dodging
 - Level 13.0 Shields
 + Level 11.1 Spellcasting
 - Level 3.0 Summonings
 * Level 19.3 Translocations
 - Level 8.0 Air Magic
 - Level 7.0 Earth Magic
 O Level 27 Invocations
 - Level 15.0 Evocations


You had 15 spell levels left.
You knew the following spells:

 Your Spells              Type           Power      Damage    Failure   Level
a - Passwall              Erth           25%        N/A       1%          3
b - Lesser Beckoning      Tloc           100%       N/A       0%          2
c - Vhi's Electric Charg  Tloc/Air       84%        N/A       1%          4
d - Dispersal             Tloc           27%        N/A       1%          6
e - Disjunction           Tloc           27%        N/A       22%         8
f - Manifold Assault      Tloc           55%        N/A       1%          4
A - Apportation           Tloc           100%       N/A       0%          1
B - Blink                 Tloc           100%       N/A       0%          2
P - Swiftness             Air            28%        N/A       1%          3

Your spell library contained the following spells:

 Spells                   Type           Power      Damage    Failure   Level
 Gell's Gravitas          Tloc           55%        N/A       0%          3
 Teleport Other           Tloc           55%        N/A       0%          3
 Sandblast                Erth           50%        2d12      1%          1
 Dimensional Bullseye     Hex/Tloc       16%        N/A       1%          4
 Iskenderun's Mystic Bla  Conj/Tloc      32%        2d8       1%          4
 Summon Small Mammal      Summ           60%        N/A       2%          1
 Mercury Vapours          Alch/Air       34%        N/A       2%          2
 Static Discharge         Conj/Air       34%        3-5/arc   2%          2
 Summon Forest            Summ/Tloc      18%        N/A       2%          5
 Call Imp                 Summ           30%        N/A       3%          2
 Airstrike                Air            14%        2d(2-18)  3%          4
 Cigotuvi's Dreadful Rot  Necr/Alch/Air  28%        N/A       4%          2
 Stone Arrow              Conj/Erth      32%        3d9       7%          3
 Call Canine Familiar     Summ           15%        N/A       8%          3
 Foxfire                  Conj/Fire      28%        2x1d5     10%         1
 Magic Dart               Conj           28%        1d4       10%         1
 Necrotise                Necr           28%        1d5       10%         1
 Sting                    Conj/Alch      28%        1d4       10%         1
 Mephitic Cloud           Conj/Alch/Air  14%        N/A       10%         3
 Summon Lightning Spire   Summ/Air       21%        N/A       10%         4
 Ensorcelled Hibernation  Hex/Ice        14%        N/A       14%         2
 Scorch                   Fire           14%        2d5       14%         2
 Sublimation of Blood     Necr           7%         N/A       14%         2
 Summon Ice Beast         Ice/Summ       11%        N/A       16%         3
 Brom's Barrelling Bould  Conj/Erth      16%        2d4       22%         4
 Leda's Liquefaction      Alch/Erth      8%         N/A       22%         4
 Petrify                  Alch/Erth      16%        N/A       22%         4
 Confusing Touch          Hex            7%         N/A       30%         3
 Frozen Ramparts          Ice            14%        1d3       30%         3
 Fugue of the Fallen      Necr           7%         N/A       30%         3
 Hailstorm                Conj/Ice       7%         3d5       30%         3
 Inner Flame              Hex/Fire       7%         N/A       30%         3
 Ozocubu's Armour         Ice            7%         N/A       30%         3
 Sigil of Binding         Hex            7%         N/A       30%         3
 Tukima's Dance           Hex            7%         N/A       30%         3
 Vampiric Draining        Necr           7%         2d6       30%         3
 Martyr's Knell           Necr/Summ      11%        N/A       47%         4
 Summon Blazeheart Golem  Fire/Summ      11%        N/A       47%         4
 Arcjolt                  Conj/Air       8%         1d18      47%         5
 Malign Gateway           Summ/Tloc      18%        N/A       65%         7
 Freezing Cloud           Conj/Ice/Air   7%         6-21      67%         5
 Cause Fear               Hex            3%         N/A       71%         4
 Flame Wave               Conj/Fire      7%         2d5       71%         4
 Ignite Poison            Fire/Alch      7%         N/A       71%         4
 Olgreb's Toxic Radiance  Alch           7%         N/A       71%         4
 Sticky Flame             Fire/Alch      7%         2d4       71%         4
 Summon Mana Viper        Hex/Summ       11%        N/A       83%         5
 Irradiate                Conj/Alch      3%         3d12      96%         5
 Metabolic Englaciation   Hex/Ice        3%         N/A       96%         5
 Yara's Violent Unravell  Hex/Alch       3%         3d4       96%         5
 Plasma Beam              Fire/Air       8%         2x1d19    97%         6
 Bombard                  Conj/Erth      8%         9d2       98%         6
 Summon Cactus Giant      Summ           7%         N/A       99%         6
 Sculpt Simulacrum        Ice/Alch       3%         N/A       100%        6
 Starburst                Conj/Fire      3%         6d3       100%        6
 Haunt                    Necr/Summ      5%         N/A       100%        7
 Monstrous Menagerie      Summ           7%         N/A       100%        7
 Orb of Destruction       Conj           3%         9d5       100%        7
 Ozocubu's Refrigeration  Ice            3%         4d8       100%        7
 Spellforged Servitor     Conj/Summ      5%         N/A       100%        7
 Summon Hydra             Summ           7%         N/A       100%        7
 Discord                  Hex            3%         N/A       100%        8
 Ignition                 Fire           3%         3d4       100%        8
 Maxwell's Capacitive Co  Air            14%        ∞         100%        8
 Summon Horrible Things   Summ           7%         N/A       100%        8
 Chain Lightning          Conj/Air       8%         3d11      100%        9
 Dragon's Call            Summ           7%         N/A       100%        9
 Fire Storm               Conj/Fire      3%         8d1       100%        9
 Shatter                  Erth           12%        3d13*     100%        9


Dungeon Overview and Level Annotations

Branches:
Dungeon (15/15)            Temple (1/1) D:7            Lair (5/5) D:8
 Shoals (4/4) Lair:2        Snake (4/4) Lair:3        Slime (5/5) Lair:5
    Orc (2/2) D:10            Elf (3/3) Orc:2        Vaults (5/5) D:14
  Crypt (0/3) Vaults:3     Depths (4/4) D:15           Hell (visited)
    Zot (5/5) Depths:4      Sewer (visited)           IceCv (visited)
    Dis: Hell:1         Geh: Hell:1         Coc: Hell:1         Tar: Hell:1

Altars:
Ashenzari
Cheibriados
Dithmenos
Elyvilon
Fedhas
Gozag
Hepliaklqana
Kikubaaqudgha
Makhleb
Nemelex Xobeh
Okawaru
Qazlal
Ru
Sif Muna
Trog
Uskayaw
Vehumet
Wu Jian
Xom
Yredelemnul
Zin
The Shining One
Beogh

Shops:
D:4 (   D:12 [   Orc:1 [   Orc:2 ([*=(   Elf:1 !   Elf:2 (=??   Shoals:2 :
Shoals:3 :   Shoals:4 ![   Snake:4 :   Vaults:1 !!   Vaults:4 **   Depths:1 [*(

Portals:
Hell: Depths:1 Depths:2 Depths:3 Depths:4
Abyss: Depths:3 Depths:4
Pandemonium: Depths:2
Ziggurat: Depths:3

Annotations:
D:2 Sigmund
D:7 (ghost, randart boots)
Snake:3 1 transporter (lots of high threat casters, phial of floods, maces manual)
Elf:2 trove: slime rune
Vaults:2 2 transporters, exclusion: orange crystal statue
Vaults:3 1 runed translucent door, Qotsoore's ghost, adept DsFi
Hell Geryon
Zot:3 1 transporter


Innate Abilities, Weirdness & Mutations

Your spellcasting is much less encumbered by armour.
You can use scrolls of enchantment on lesser artefacts.
You have sharp fingernails.
You have large cloven feet.
You have supernaturally acute eyesight. (SInv)
Your muscles are strong. (Str +4, Int/Dex -1)
Your spells are a little easier to cast, but a little less powerful.


Message History

Your connection to magic feels less subdued.
Your fingernails lengthen.
You feel stronger.
Your vision sharpens.
Your feet thicken and deform.
Unknown command.
There is a staircase leading out of the dungeon here.
You start resting.
Your protection from cold is fading.
Unknown command.
You start resting.
You feel less protected from cold.
Unknown command.
You start resting.
An Orb Guardian comes into view.
You slice the Orb Guardian!!
The Orb Guardian is heavily wounded.
The Orb Guardian hits you!!
You feel protected from physical attacks.
You slice the Orb Guardian!!
The Orb Guardian is almost dead.
You block the Orb Guardian's attack.
You closely miss the Orb Guardian.
The Orb Guardian is almost dead.
The Orb Guardian hits you!!
You slash the Orb Guardian!
The Orb Guardian is almost dead.
You block the Orb Guardian's attack.
You slice the Orb Guardian!!
You kill the Orb Guardian!
Qazlal accepts your kill.
There is an open door here.
You start resting.
Your protection from physical attacks is fading.
You start resting.
You feel less protected from physical attacks.
You start resting.
A Hell Sentinel comes into view.
The Hell Sentinel moves out of view.
There is an open door here.
There is a staircase leading out of the dungeon, spattered with blood here.
You have escaped!

#########################
#.......................#
#.#.....................#
#.#..########+########..#
#.#..####.........####..#
#.#).##............1##..# ##
##.#..#......#+#......#..## #.
#.....+.....##>##.....+...# #.
#.....+.....##@##.....+...# #.
#.....#......#'#...(..#...# #.
#.....##.......°.....##...# #.
#.....####.....○...####...# #.
#.....########)########...####>
#........................†.##..
###..............................
...)........#######.........#####
.##...##....# #... .##......#


There were no monsters in sight!

Vanquished Creatures
  the Royal Jelly (Slime:5)
  Frederick (Vaults:4)
  11 dread liches
  4 ancient liches
  3 orbs of fire (Zot:5)
  Tiamat (Zot:2)
  Boris (Elf:3)
  Bai Suzhen (Vaults:4)
  3 Killer Klowns (Zot:5)
  Saint Roka (Vaults:4)
  2 curse toes
  A caustic shrike (Depths:2)
  A bone dragon (Abyss:3)
  2 profane servitors
  11 golden dragons
  Norris (Vaults:3)
  5 Brimstone Fiends
  2 electric golems (Zot:5)
  The ghost of t4s4d4r the Warrior, an adept MDFi of Gozag (Vaults:1)
  5 pandemonium lords
  4 Tzitzimimeh (Pan)
  Rupert (Lair:3)
  3 Ice Fiends
  5 Hell Sentinels
  A hellephant (Zot:5)
  16 tentacled monstrosities
  The ghost of Heidiaz the Merfolkian Porcupine, an adept MfBe of Trog (Vaults:4)
  7 quicksilver dragons
  4 liches
  2 deep elf master archers (Elf:3)
  A deep elf blademaster (Elf:2)
  6 sphinxes
  3 walking frostbound tomes
  31 Orb Guardians
  6 titans
  18 acid blobs
  6 Executioners
  2 krakens
  6 death cobs
  4 tentacled starspawn (Abyss:3)
  11 storm dragons
  11 shadow dragons
  Aizul (Snake:3)
  A revenant (Vaults:1)
  5 protean progenitors
  13 rockslimes
  8 tengu reavers
  15 azure jellies
  12 nagarajas (Snake:4)
  8 fire giants
  A demonspawn warmonger (Pan)
  3 draconian shifters
  9 frost giants
  5 draconian knights
  12 vault wardens
  2 draconian monks (Zot:2)
  3 iron dragons
  Louise (Elf:3)
  7 deep elf sorcerers
  3 draconian scorchers
  A shard shrike simulacrum (Abyss:3)
  3 ghost moths
  2 balrugs
  6 cacodemons
  4 deep elf elementalists (Elf:3)
  3 demonspawn corrupters (Pan)
  3 reapers (Pan)
  2 orc warlords
  2 draconian stormcallers
  11 ironbound preservers
  An angel (D:11)
  4 draconian annihilators
  The ghost of Ducan the Fighter, a journeyman DsBe of Trog (Lair:5)
  A demonspawn blood saint (Pan)
  8 formless jellyfish
  9 quicksilver oozes
  21 stone giants
  7 green draconians
  5 ironbound thunderhulks
  17 very ugly things
  4 vampire knights
  11 black draconians
  3 demonspawn black suns (Pan)
  8 deep elf death magi
  10 deep elf annihilators
  11 deep elf demonologists
  7 red draconians
  13 white draconians
  Azrael (Snake:1)
  6 dire elephants
  4 war gargoyles (Vaults:5)
  2 purple draconians (Zot:2)
  The ghost of TerritorialKavu the Unseen, a journeyman SpEn of Gozag (Lair:5)
  3 spark wasps (Depths:1)
  8 yellow draconians
  2 eidola (Vaults:1)
  15 blizzard demons
  4 merfolk javelineers
  2 crystal guardians (Vaults:4)
  11 green deaths
  6 merfolk impalers
  5 jiangshi
  13 yaktaur captains
  4 deep elf high priests (Elf:3)
  12 ettins
  3 fire dragons
  5 ice dragons
  3 rakshasas
  A peacekeeper (Vaults:4)
  29 vault guards
  9 great orbs of eyes
  4 entropy weavers
  2 salamander tyrants
  Fannar (Orc:1)
  6 hydras
  An ogre mage (D:15)
  2 spriggan air magi
  10 ironbound frosthearts
  5 catoblepae
  8 anacondas
  3 alligator snapping turtles (Shoals:4)
  7 merfolk aquamancers
  Erica (D:11)
  13 centaur warriors
  21 dancing weapons
  7 two-headed ogres
  9 naga warriors
  9 satyrs
  4 vampire magi
  5 death yaks (Lair:5)
  4 tengu warriors
  A two-headed ogre (shapeshifter) (Vaults:5)
  2 boulder beetles
  6 deep troll earth magi
  A hell hog (Abyss:3)
  15 naga sharpshooters
  3 deep troll shamans
  4 shock serpents
  3 demonic crawlers (Pan)
  A thrashing horror (Abyss:3)
  5 orc high priests
  3 spriggan berserkers
  The ghost of AceOff the Ruffian, a novice TrSh of Qazlal (D:7)
  22 sun demons
  10 deep elf knights
  A skyshark (shapeshifter) (D:15)
  33 hell knights
  Sonja (Lair:4)
  8 soul eaters
  8 wretched stars (Abyss:3)
  4 skeletal warriors (D:12)
  7 iron trolls
  11 sixfirhies
  2 shadow wraiths
  16 sea snakes
  9 skysharks
  35 deep trolls
  8 glowing orange brains
  4 flayed ghosts
  5 naga ritualists
  13 mana vipers
  3 salamander mystics
  5 shadow demons (Pan)
  An anaconda zombie (Hell)
  8 lindwurms
  14 ironbound convokers
  5 necromancers
  4 phantasmal warriors
  9 arcanists
  The ghost of ILmort the Cudgeller, a novice DgFi (D:8)
  A mana viper (shapeshifter) (Vaults:5)
  31 deep elf pyromancers
  8 deep elf archers
  2 obsidian statues
  6 orc knights
  26 starcursed masses (Abyss:3)
  11 harpies
  27 deep elf zephyrmancers
  54 ugly things
  4 fauns
  5 orc sorcerers
  6 cyclopes
  5 shining eyes (Slime:5)
  25 moths of wrath
  16 manticores
  23 salamanders
  11 vault sentinels
  A worldbinder (Abyss:3)
  24 black mambas
  32 elephants
  10 guardian serpents
  A rust devil (Pan)
  5 merfolk sirens
  19 naga magi
  4 Executioner simulacra (Pan)
  9 ice statues
  An eye of devastation (shapeshifter) (Vaults:5)
  11 cane toads
  4 water nymphs
  9 orange demons
  15 smoke demons
  An eye of devastation (Slime:1)
  A torpor snail (Lair:5)
  2 gargoyles (D:10)
  28 large abominations
  25 yaktaurs
  2 hellions
  3 unseen horrors
  A yaktaur (shapeshifter) (Vaults:4)
  An efreet (D:12)
  A rime drake (Lair:4)
  13 komodo dragons
  3 tengu conjurers
  6 freezing wraiths
  10 ice devils
  2 red devils (Pan)
  4 ancient zymes (Abyss:3)
  A hydra zombie (Hell)
  2 tormentors
  A silent spectre (Abyss:3)
  A queen bee (shapeshifter) (Elf:1)
  5 hellwings
  9 wind drakes
  A merfolk (shapeshifter) (Vaults:5)
  2 polar bears
  6 trolls
  23 blink frogs
  32 merfolk
  4 hornets
  Grinder (D:5)
  A harpy skeleton (Abyss:3)
  4 glass eyes
  12 raiju (Abyss:3)
  2 glass eyes (shapeshifter)
  12 snapping turtles
  8 dream sheep
  A snapping turtle (shapeshifter) (Depths:2)
  2 air elementals (Elf:2)
  14 water elementals
  4 wraiths
  104 slime creatures
  A yak (shapeshifter) (D:15)
  A jumping spider (Vaults:2)
  A spriggan (Depths:1)
  2 shadows
  67 yaks
  5 wyverns
  3 vampires (Vaults:3)
  15 ynoxinuls
  6 basilisks
  A golden eye (Abyss:3)
  19 humans (D:14)
  A basilisk (shapeshifter) (Elf:2)
  2 redbacks
  5 fire elementals
  6 wargs
  7 vampire mosquitoes
  7 neqoxecs
  10 chaos spawn (Pan)
  A steam dragon (D:6)
  39 nagas
  2 acid dragons
  13 water moccasins
  A water moccasin (shapeshifter) (Elf:2)
  Duvessa (D:4)
  2 hell hounds (Snake:1)
  2 great orb of eyes simulacra (IceCv)
  A sky beast (D:7)
  2 black bears
  34 orc warriors
  3 laughing skulls (Abyss:3)
  4 ogres
  4 small abominations
  An ice beast (D:8)
  14 wolves
  3 boggarts (Vaults:3)
  11 centaurs
  3 slime creature simulacra (IceCv)
  3 elf zombies (Elf:1)
  5 kobold brigands
  Blork the orc (D:6)
  2 weeping skulls (Abyss:3)
  12 bullfrogs
  A gnoll sergeant (D:6)
  3 earth elementals
  A glowing shapeshifter simulacrum (IceCv)
  4 scorpions
  8 wights
  7 killer bees
  Dowan (D:4)
  3 bombardier beetles
  4 electric eels
  10 howler monkeys
  6 quasits
  5 hounds
  2 jellies
  2 iron imps (Abyss:3)
  32 orc priests
  3 iguanas (D:5)
  A sleepcap (D:8)
  39 orc wizards
  7 hell rats (Lair:3)
  A shapeshifter simulacrum (IceCv)
  A mummy (D:6)
  4 gnolls (D:6)
  8 adders
  6 river rats (Sewer)
  A shadow imp (D:6)
  4 white imps
  10 ufetubi
  A dart slug (D:1)
  4 ribbon worms
  67 orcs
  7 ball pythons
  3 bats
  8 endoplasms
  6 giant cockroaches
  8 goblins
  3 hobgoblins
  6 quokkas
  3 frilled lizards
  3 hobgoblin zombies (D:6)
  27 kobolds
  A kobold zombie (D:6)
  15 rats
  3 aspiring fleshes (Zot:5)
  2 lurking horrors (Abyss:3)
  9 spectral weapons
  4 starspawn tentacles (Abyss:3)
  11 tentacles
2506 creatures vanquished.

Vanquished Creatures (collateral kills)
  An orc warlord (Orc:2)
  An ice dragon (Depths:3)
  A vampire mage (Vaults:3)
  An orc high priest (Vaults:4)
  An orc knight (Orc:2)
  An orc priest (Vaults:4)
  An iguana (D:3)
  An orc (Orc:2)
  A kobold (D:1)
  A rat (D:1)
10 creatures vanquished.

Vanquished Creatures (others)
  A golden dragon (Zot:4)
  Jorgrun (D:13)
  A walking frostbound tome (Pan)
  A deep elf knight (Elf:1)
  An obsidian statue (Elf:3)
  A harpy (Shoals:4)
  A deep elf zephyrmancer (Elf:1)
  A chaos spawn (Pan)
  An acid dragon (D:13)
  3 ball lightnings (Pan)
  A lurking horror (Abyss:3)
  151 spectral weapons
  7 starspawn tentacles (Abyss:3)
  13 tentacles
184 creatures vanquished.

Grand Total: 2700 creatures vanquished

Notes
Turn   | Place    | Note
-------+----------+-------------------------------------------
     0 | D:1      | Leszczynek the Mountain Dwarf Wanderer began the quest for
                  | the Orb.
     0 | D:1      | Leszczynek set off with the following items: a +0
                  | quarterstaff, a +0 cloak, a scroll of fog, a +0 robe; and
                  | the following spell memorised: Summon Small Mammal; and the
                  | following spells available to memorise: Call Imp, Martyr's
                  | Knell.
     0 | D:1      | Reached XP level 1. HP: 16/16 MP: 2/2
   116 | D:1      | Reached skill level 2 in Fighting
   116 | D:1      | Reached XP level 2. HP: 24/24 MP: 3/3
   197 | D:1      | Learned a level 2 spell: Call Imp
   236 | D:1      | Reached XP level 3. HP: 30/30 MP: 4/4
   257 | D:1      | Reached skill level 3 in Fighting
   427 | D:2      | Identified the +3 buckler of the Wasteland {rC+ Str+3
                  | Dex+3}
   429 | D:2      | lmaoo
   485 | D:2      | Reached skill level 3 in Staves
   561 | D:2      | Reached XP level 4. HP: 40/40 MP: 5/5
   609 | D:2      | Reached skill level 4 in Fighting
   611 | D:2      | Noticed Sigmund
   675 | D:3      | Reached skill level 5 in Fighting
   675 | D:3      | Reached XP level 5. HP: 13/48 MP: 6/6
   813 | D:3      | Found a shimmering blue altar of Sif Muna.
   925 | D:3      | ..huh?
   950 | D:4      | Reached skill level 1 in Axes
   963 | D:4      | Reached skill level 2 in Axes
  1002 | D:4      | Reached XP level 6. HP: 55/57 MP: 7/7
  1084 | D:3      | Reached skill level 6 in Fighting
  1403 | D:4      | Reached skill level 3 in Axes
  1437 | D:4      | Noticed Dowan
  1454 | D:4      | Killed Dowan
  1495 | D:4      | Noticed Duvessa
  1525 | D:5      | Entered Level 5 of the Dungeon
  1579 | D:5      | Reached skill level 4 in Axes
  1579 | D:5      | Reached XP level 7. HP: 61/63 MP: 8/8
  1618 | D:5      | Reached skill level 7 in Fighting
  1669 | D:5      | Reached skill level 5 in Axes
  1730 | D:5      | Noticed Grinder
  1750 | D:5      | Paralysed by Grinder for 2 turns
  1759 | D:5      | Killed Grinder
  1760 | D:5      | Reached skill level 6 in Axes
  1775 | D:5      | Reached skill level 8 in Fighting
  1775 | D:5      | Reached XP level 8. HP: 70/74 MP: 9/9
  1807 | D:5      | Reached skill level 1 in Armour
  1807 | D:5      | Reached skill level 1 in Shields
  1832 | D:4      | Found Rehijias's Weapon Shoppe.
  1844 | D:4      | HP: 8/74 [Duvessa/+0 short sword (9)]
  1845 | D:4      | Killed Duvessa
  1849 | D:4      | HP: 11/74 [orc wizard/+0 dagger (3)]
  1851 | D:4      | Reached skill level 7 in Axes
  2052 | D:4      | Identified the +5 great sword of Zabaly {freeze, rC+}
  2053 | D:4      | huh
  2120 | D:5      | Noticed a two-headed ogre
  2129 | D:5      | Killed a two-headed ogre
  2130 | D:5      | Reached skill level 8 in Axes
  2130 | D:5      | Reached skill level 3 in Armour
  2130 | D:5      | Reached skill level 3 in Shields
  2467 | D:6      | Reached XP level 9. HP: 69/81 MP: 10/10
  2606 | D:6      | Found a glowing drain.
  2622 | Sewer    | Entered a sewer
  2708 | Sewer    | Reached skill level 9 in Axes
  2763 | Sewer    | Reached skill level 4 in Shields
  2806 | Sewer    | Reached skill level 4 in Armour
  3067 | D:6      | Noticed Blork the orc
  3077 | D:6      | Killed Blork the orc
  3223 | D:6      | Reached skill level 10 in Axes
  3341 | D:6      | Reached skill level 5 in Armour
  3341 | D:6      | Reached skill level 2 in Dodging
  3341 | D:6      | Reached skill level 5 in Shields
  3351 | D:6      | Found a bloodstained altar of Trog.
  3532 | D:7      | Found a runed translucent gate.
  3532 | D:7      | Found a runed translucent gate.
  3532 | D:7      | Found a runed translucent gate.
  3536 | D:7      | Noticed AceOff's ghost (novice TrSh)
  3539 | D:7      | Found a roughly hewn altar of Beogh.
  3704 | D:7      | Found a staircase to the Ecumenical Temple.
  3738 | Temple   | Entered the Ecumenical Temple
  3754 | Temple   | Became a worshipper of Qazlal Stormbringer
  3784 | D:7      | Found a burning altar of Makhleb.
  3786 | D:7      | Found a sacrificial altar of Ru.
  3812 | D:7      | Reached skill level 11 in Axes
  4178 | D:8      | Reached skill level 1 in Invocations
  4178 | D:8      | Reached XP level 10. HP: 88/88 MP: 11/11
  4271 | D:8      | Found a transporter.
  4272 | D:8      | Found a glowing silver altar of Zin.
  4278 | D:8      | Noticed ILmort's ghost (novice DgFi)
  4319 | D:8      | Found a transporter.
  4336 | D:8      | Reached * piety under Qazlal
  4598 | D:8      | Reached skill level 2 in Invocations
  4629 | D:8      | Noticed a two-headed ogre
  4638 | D:8      | Killed a two-headed ogre
  4639 | D:8      | Reached skill level 3 in Dodging
  4873 | D:9      | Found a hazy altar of Hepliaklqana.
  4893 | D:9      | Reached skill level 9 in Fighting
  4893 | D:9      | Reached skill level 3 in Invocations
  4971 | D:9      | Reached skill level 12 in Axes
  5040 | D:9      | Found a sparkling altar of Nemelex Xobeh.
  5042 | D:9      | Found a snail-covered altar of Cheibriados.
  5044 | D:9      | Found a shadowy altar of Dithmenos.
  5044 | D:9      | Found a glowing golden altar of the Shining One.
  5045 | D:9      | Found an iron altar of Okawaru.
  5364 | D:9      | Found a shimmering altar of Xom.
  5364 | D:9      | Found a hide-covered altar of Uskayaw.
  5563 | D:9      | Reached skill level 4 in Invocations
  5589 | D:9      | Noticed a two-headed ogre
  5597 | D:9      | Killed a two-headed ogre
  5778 | D:9      | Found an ornate altar of the Wu Jian Council.
  5827 | D:9      | Reached skill level 10 in Fighting
  5955 | D:9      | lmao
  5955 | D:9      | nice
  5956 | D:10     | Entered Level 10 of the Dungeon
  5957 | D:10     | Found a staircase to the Orcish Mines.
  5958 | D:10     | Noticed a two-headed ogre
  5967 | D:10     | Killed a two-headed ogre
  5968 | D:10     | Reached skill level 13 in Axes
  5968 | D:10     | Reached skill level 5 in Invocations
  5968 | D:10     | Reached XP level 11. HP: 90/100 MP: 14/14
  5971 | D:10     | Reached ** piety under Qazlal
  6005 | D:10     | Upgraded the game from 0.32-a0-290-g598725c5f2 to
                  | 0.32-a0-305-gcc768c7156
  6137 | D:10     | Found an ancient bone altar of Kikubaaqudgha.
  6175 | D:10     | Found a basalt altar of Yredelemnul.
  6636 | D:7      | Reached skill level 6 in Invocations
  6640 | D:7      | Killed AceOff's ghost
  6641 | D:7      | Reached skill level 11 in Fighting
  6658 | D:7      | Identified the +1 pair of boots of Tulips {^Drain rF+ rC+
                  | Stlth+}
  6793 | Orc:1    | Entered Level 1 of the Orcish Mines
  6829 | Orc:1    | Reached *** piety under Qazlal
  6891 | Orc:1    | Noticed Fannar
  6892 | Orc:1    | uh
  6899 | Orc:1    | Killed Fannar
  6900 | Orc:1    | Reached skill level 6 in Armour
  6900 | Orc:1    | Reached skill level 7 in Invocations
  6903 | Orc:1    | Noticed an orc high priest
  6910 | Orc:1    | Found Woudghekh's Armour Shop.
  6925 | Orc:1    | Reached skill level 14 in Axes
  6930 | Orc:1    | Killed an orc high priest
  6944 | Orc:1    | Bought the +1 pair of gloves of Lugonu's Displeasure
                  | {+Blink} for 399 gold pieces
  6954 | Orc:1    | that's interesting
  7087 | Orc:2    | Entered Level 2 of the Orcish Mines
  7248 | Orc:2    | Found Zif Yzoak's Antique Weapon Shoppe.
  7284 | Orc:2    | Noticed an orc sorcerer
  7302 | Orc:2    | Killed an orc sorcerer
  7303 | Orc:2    | Reached skill level 8 in Invocations
  7341 | Orc:2    | Found a burning altar of Makhleb.
  7343 | Orc:2    | Found a staircase to the Elven Halls.
  7438 | Orc:2    | Noticed an orc high priest
  7456 | Orc:2    | Reached skill level 2 in Evocations
  7458 | Orc:2    | Killed an orc high priest
  7477 | Orc:2    | Reached XP level 12. HP: 42/112 MP: 8/18
  7714 | Orc:2    | Reached skill level 12 in Fighting
  7797 | Orc:2    | Noticed an orc warlord
  7842 | Orc:2    | Killed an orc warlord
  7843 | Orc:2    | Reached skill level 9 in Invocations
  7843 | Orc:2    | Reached skill level 3 in Evocations
  7883 | Orc:2    | Noticed an orc high priest
  7891 | Orc:2    | Killed an orc high priest
  7951 | Orc:2    | Reached skill level 15 in Axes
  8017 | Orc:2    | Noticed an orc high priest
  8042 | Orc:2    | Killed an orc high priest
  8045 | Orc:2    | Reached skill level 10 in Invocations
  8060 | Orc:2    | Reached skill level 4 in Evocations
  8136 | Orc:2    | Noticed an orc high priest
  8148 | Orc:2    | Reached **** piety under Qazlal
  8152 | Orc:2    | Killed an orc high priest
  8166 | Orc:2    | Found Raluent's General Store.
  8170 | Orc:2    | Found Widumax's Antique Armour Boutique.
  8170 | Orc:2    | Found Asif's Antique Weapon Shop.
  8184 | Orc:2    | Found Sepsoto's Jewellery Boutique.
  8210 | Orc:2    | Bought a wand of mindburst (6) for 109 gold pieces
  8210 | Orc:2    | Bought a scroll of identify for 26 gold pieces
  8210 | Orc:2    | Bought a wand of acid (6) for 327 gold pieces
  8211 | Orc:2    | Bought a scroll of immolation for 52 gold pieces
  8546 | D:11     | Reached skill level 13 in Fighting
  8753 | D:12     | Reached skill level 11 in Invocations
  8810 | D:12     | HP: 16/115 [cyan ugly thing (16)]
  9099 | D:12     | Found a glowing golden altar of the Shining One.
  9177 | D:11     | Noticed Erica
  9184 | D:11     | Killed Erica
  9184 | D:11     | HP: 19/115 [poisoned by Erica (bolt of poison)]
  9185 | D:11     | Reached skill level 5 in Evocations
  9185 | D:11     | Reached XP level 13. HP: 20/122 MP: 12/21
  9346 | D:12     | Found Ogrok's Antique Armour Shop.
  9878 | D:12     | Reached skill level 16 in Axes
  9921 | D:13     | Noticed Jorgrun
 10550 | D:8      | Killed ILmort's ghost
 10557 | D:8      | rpois!
 10557 | D:8      | nice
 10692 | D:8      | Found a staircase to the Lair.
 10693 | D:8      | and here it is
 10693 | D:8      | only 1.5k turns spent on looking for this shit
 10701 | Lair:1   | Entered Level 1 of the Lair of Beasts
 10728 | Lair:1   | Reached skill level 12 in Invocations
 10903 | Lair:1   | Reached skill level 14 in Fighting
 10903 | Lair:1   | Reached skill level 6 in Evocations
 11314 | Lair:2   | Reached skill level 13 in Invocations
 11392 | Lair:2   | Identified the ring "Dusul" {rPois Dex+6}
 11476 | Lair:2   | Reached skill level 17 in Axes
 11523 | Lair:2   | Found a staircase to the Shoals.
 11595 | Lair:2   | Reached XP level 14. HP: 133/133 MP: 24/24
 11767 | Lair:3   | Reached skill level 7 in Evocations
 11891 | Lair:3   | Found a staircase to the Snake Pit.
 11925 | Lair:3   | Reached ***** piety under Qazlal
 12015 | Lair:3   | Noticed Rupert
 12028 | Lair:3   | HP: 20/133 [Rupert/+0 battleaxe of electrocution (20)]
 12034 | Lair:3   | Killed Rupert
 12035 | Lair:3   | Reached skill level 15 in Fighting
 12091 | Lair:3   | Reached skill level 14 in Invocations
 12336 | Lair:4   | Found a frozen archway.
 12454 | IceCv    | Entered an ice cave
 12560 | IceCv    | Noticed a quicksilver ooze
 12564 | IceCv    | Killed a quicksilver ooze
 12629 | IceCv    | Noticed a quicksilver ooze
 12636 | IceCv    | Killed a quicksilver ooze
 12655 | IceCv    | Noticed an azure jelly
 12663 | IceCv    | Noticed an azure jelly
 12666 | IceCv    | Killed an azure jelly
 12667 | IceCv    | Killed an azure jelly
 12867 | IceCv    | Found a viscous altar of Jiyva.
 12885 | IceCv    | Got the ring of Skepticism {rPois rC+}
 13008 | Lair:4   | Noticed Sonja
 13011 | Lair:4   | Killed Sonja
 13160 | Lair:4   | Reached skill level 18 in Axes
 13178 | Lair:4   | Reached skill level 8 in Evocations
 13184 | Lair:4   | Reached skill level 7 in Armour
 13319 | Lair:5   | Entered Level 5 of the Lair of Beasts
 13363 | Lair:4   | Reached skill level 15 in Invocations
 13483 | Lair:5   | Reached skill level 16 in Fighting
 13490 | Lair:5   | Reached XP level 15. HP: 86/144 MP: 15/26
 13827 | Lair:5   | Reached skill level 8 in Armour
 14104 | Lair:5   | Found a staircase to the Slime Pits.
 14109 | Lair:5   | Found a runed translucent gate.
 14109 | Lair:5   | Found a runed translucent gate.
 14109 | Lair:5   | Found a runed translucent gate.
 14122 | Lair:5   | Noticed TerritorialKavu's ghost (journeyman SpEn)
 14122 | Lair:5   | Noticed Ducan's ghost (journeyman DsBe)
 14174 | Lair:5   | Killed Ducan's ghost
 14176 | Lair:5   | Killed TerritorialKavu's ghost
 14325 | Lair:5   | Reached skill level 16 in Invocations
 14435 | Lair:5   | Reached skill level 4 in Dodging
 14499 | Lair:5   | lel
 14499 | Lair:5   | second mark
 14592 | Lair:5   | Got an earthy gem with 504 turns to spare
 15195 | D:13     | Found a shimmering altar of Xom.
 15236 | D:13     | Killed Jorgrun
 15237 | D:13     | Reached skill level 9 in Armour
 15422 | D:14     | dude
 15582 | D:14     | Reached skill level 17 in Fighting
 15599 | D:14     | Reached skill level 5 in Dodging
 15658 | D:14     | Reached skill level 17 in Invocations
 15674 | D:14     | Found a gate to the Vaults.
 15974 | D:15     | Entered Level 15 of the Dungeon
 16008 | D:15     | Reached XP level 16. HP: 155/155 MP: 28/28
 16034 | D:15     | Reached skill level 10 in Armour
 16035 | D:15     | Paralysed by an ogre mage for 2 turns
 16380 | D:15     | Found a shadowy altar of Dithmenos.
 16658 | D:15     | Found a staircase to the Depths.
 16689 | D:15     | Reached skill level 6 in Dodging
 16764 | D:12     | Bought an ichor-stained plate armour for 756 gold pieces
 16764 | D:12     | Identified the +11 plate armour "Puaw" {Int+3} (You bought
                  | it in a shop on level 12 of the Dungeon)
 16764 | D:12     | wew lad
 16776 | D:12     | i sure feel intelligent now
 17023 | Snake:1  | Entered Level 1 of the Snake Pit
 17025 | Snake:1  | Found a hide-covered altar of Uskayaw.
 17474 | Snake:1  | Reached skill level 11 in Armour
 17484 | Snake:1  | Reached skill level 18 in Invocations
 17632 | Snake:1  | Reached skill level 18 in Fighting
 17829 | Snake:1  | Noticed Azrael
 17844 | Snake:1  | Killed Azrael
 18402 | Snake:2  | Reached skill level 19 in Invocations
 18419 | Snake:2  | i blink?
 18429 | Snake:2  | ah, distortion
 18564 | Snake:2  | Found a shimmering altar of Xom.
 18669 | Snake:2  | Reached XP level 17. HP: 126/166 MP: 30/30
 18853 | Snake:3  | Reached ****** piety under Qazlal
 19042 | Snake:3  | Reached skill level 19 in Fighting
 19054 | Snake:3  | Learned a level 3 spell: Passwall
 19128 | Snake:3  | Identified the serpent talisman "Vexoago" {*Corrode Dex+6
                  | SInv}
 19128 | Snake:3  | Noticed Aizul
 19143 | Snake:3  | Killed Aizul
 19144 | Snake:3  | Reached skill level 1 in Earth Magic
 19150 | Snake:3  | HP: 33/168 [poisoned by Aizul (bolt of poison)]
 19498 | Snake:3  | Reached skill level 2 in Earth Magic
 19627 | Snake:3  | Found a radiant altar of Vehumet.
 19631 | Snake:3  | Found a transporter.
 19806 | Snake:4  | Entered Level 4 of the Snake Pit
 19816 | Snake:4  | Upgraded the game from 0.32-a0-305-gcc768c7156 to
                  | 0.32-a0-314-g526f7d4993
 19871 | Snake:4  | Reached skill level 3 in Earth Magic
 19877 | Snake:4  | Reached skill level 20 in Invocations
 20056 | Snake:4  | Found a hide-covered altar of Uskayaw.
 20193 | Snake:4  | Reached skill level 4 in Earth Magic
 20381 | Snake:4  | Found Vaumpum's Self-Published Books.
 20588 | Snake:4  | Reached skill level 6 in Shields
 20778 | Snake:4  | Reached skill level 5 in Earth Magic
 20821 | Snake:4  | Got a serpentine rune of Zot
 20923 | Snake:4  | Identified the +1 kite shield of the Pits of Slime {SInv}
 21240 | Snake:4  | HP: 33/169 [constriction (6)]
 21245 | Snake:4  | HP: 22/169 [poisoned by a nagaraja (poison arrow)]
 21250 | Snake:4  | HP: 19/169 [poisoned by a nagaraja (poison arrow)]
 21597 | Snake:4  | five guardian serpents
 21863 | Shoals:1 | Entered Level 1 of the Shoals
 21868 | Shoals:1 | Reached skill level 6 in Earth Magic
 22011 | Lair:2   | Lost the earthy gem through the power of Zot.
 22313 | Shoals:1 | Reached XP level 18. HP: 170/178 MP: 32/32
 22573 | Shoals:2 | Found Nunog's Book Boutique.
 22611 | Shoals:2 | Reached skill level 20 in Fighting
 22623 | Shoals:2 | Reached skill level 7 in Dodging
 22625 | Shoals:2 | Reached skill level 21 in Invocations
 22808 | Shoals:2 | Reached skill level 7 in Shields
 22808 | Shoals:2 | Reached skill level 7 in Earth Magic
 23205 | Shoals:3 | Identified a scroll of acquirement
 23249 | Shoals:3 | Acquired the ring "Xucs" {rCorr Str+5 Slay+3}
 23250 | Shoals:3 | yes please
 23445 | Shoals:3 | Found Moafy's Book Shoppe.
 23550 | Shoals:4 | Entered Level 4 of the Shoals
 23605 | Shoals:4 | that's just going to be disaster area spam, isn't it...
 23644 | Shoals:4 | actually it was only two upheavals
 23644 | Shoals:4 | i guess 21 in invocations is doing work
 23759 | Shoals:4 | Identified the +5 scale mail of Modesty {Rampage Str+4}
 24178 | Shoals:4 | Got the Lessons on Trauma
 24328 | Shoals:4 | Reached skill level 8 in Shields
 24476 | Shoals:4 | Found Wola's Distillery.
 24486 | Shoals:4 | Bought a potion of cancellation for 104 gold pieces
 24486 | Shoals:4 | Bought a potion of cancellation for 104 gold pieces
 24559 | Shoals:4 | Reached skill level 9 in Evocations
 24589 | Shoals:4 | Reached skill level 22 in Invocations
 24680 | Shoals:4 | Got a barnacled rune of Zot
 24761 | Shoals:4 | Found Fyisch's Antique Armour Shop.
 24855 | Lair:2   | if it wasn't for low willpower, i could probably go to
                  | slime already
 25069 | Vaults:1 | Entered Level 1 of the Vaults
 25112 | Vaults:1 | Found Onweupt's Distillery.
 25131 | Vaults:1 | Learned a level 2 spell: Lesser Beckoning
 25256 | Vaults:1 | Reached skill level 1 in Translocations
 25313 | Vaults:1 | Reached skill level 21 in Fighting
 25382 | Vaults:1 | Found Bigifeefa's Distillery.
 25403 | Vaults:1 | Found a flickering gateway to a bazaar.
 25414 | Bazaar   | Entered a bazaar
 25430 | Bazaar   | Found Meaxam's Assorted Antiques.
 25437 | Bazaar   | and that's phantom mirror gone
 25437 | Bazaar   | nice
 25437 | Bazaar   | 1359 gold for 11 acid charges by the way
 25448 | Bazaar   | Found Xoodyun's Distillery.
 25463 | Bazaar   | Found Lynlyall's Weapon Emporium.
 25463 | Bazaar   | Found Kengax's General Store.
 25483 | Bazaar   | Found Heiwn's Weapon Emporium.
 25483 | Bazaar   | Found Gakhluolu's Book Shoppe.
 25533 | Bazaar   | Bought a potion of mutation for 152 gold pieces
 25533 | Bazaar   | Bought a potion of heal wounds for 95 gold pieces
 25533 | Bazaar   | Bought a potion of might for 76 gold pieces
 25547 | Bazaar   | Bought a wand of polymorph (5) for 133 gold pieces
 25547 | Bazaar   | Bought a potion of mutation for 152 gold pieces
 25577 | Vaults:1 | Upgraded the game from 0.32-a0-314-g526f7d4993 to
                  | 0.32-a0-407-g4da7c8d6d1
 25602 | Vaults:1 | Reached XP level 19. HP: 189/189 MP: 34/34
 25798 | Vaults:1 | Found a runed translucent gate.
 25798 | Vaults:1 | Found a runed translucent gate.
 25798 | Vaults:1 | Found a runed translucent gate.
 25799 | Vaults:1 | Noticed t4s4d4r's ghost (adept MDFi)
 26003 | Vaults:1 | Reached skill level 2 in Translocations
 26384 | Vaults:2 | Reached skill level 9 in Shields
 26422 | Vaults:2 | Found a transporter.
 26432 | Vaults:2 | Found a transporter.
 26589 | Vaults:2 | Reached skill level 10 in Evocations
 26626 | Vaults:2 | Identified the +10 arbalest of the Moon {flame, rPois rN+
                  | Will++}
 26630 | Vaults:2 | wew
 26827 | Vaults:2 | Paralysed by a formless jellyfish for 1 turns
 27151 | Vaults:2 | HP: 34/190 [orc warlord/+0 war axe (20)]
 27154 | Vaults:2 | Reached skill level 3 in Translocations
 27288 | Vaults:2 | Reached skill level 23 in Invocations
 27717 | Vaults:3 | Noticed Norris
 27725 | Vaults:3 | Killed Norris
 27755 | Vaults:3 | air elementals are actually OP
 27755 | Vaults:3 | it's pretty much a permaparalysis if you have a few of them
 27758 | Vaults:3 | Learned a level 2 spell: Blink
 27862 | Vaults:3 | Found a staircase to the Crypt.
 27891 | Vaults:3 | Found a runed translucent door.
 27892 | Vaults:3 | Noticed Qotsoore's ghost (adept DsFi)
 27946 | Vaults:3 | Reached skill level 11 in Evocations
 28704 | Vaults:4 | Paralysed by a formless jellyfish for 1 turns
 28931 | Vaults:4 | Reached skill level 4 in Translocations
 29083 | Vaults:4 | Found Aloenar's Assorted Antiques.
 29087 | Vaults:4 | Bought 2 potions of haste for 560 gold pieces
 29162 | Vaults:4 | Noticed Saint Roka
 29187 | Vaults:4 | Killed Saint Roka
 29188 | Vaults:4 | Reached skill level 22 in Fighting
 29408 | Vaults:4 | Reached XP level 20. HP: 139/200 MP: 35/35
 29906 | Vaults:4 | Identified the orb of the Orb {*channel, *Slow rC++ Stlth+}
 29906 | Vaults:4 | Noticed Frederick
 29907 | Vaults:4 | >orb of the Orb
 29907 | Vaults:4 | okay
 29923 | Vaults:4 | Killed Frederick
 30076 | Vaults:4 | Found Yxoeteah's General Store.
 30148 | Vaults:4 | Reached skill level 12 in Evocations
 30235 | Vaults:4 | Found a runed translucent gate.
 30235 | Vaults:4 | Found a runed translucent gate.
 30235 | Vaults:4 | Found an opulent altar of Gozag.
 30235 | Vaults:4 | Found a runed translucent gate.
 30236 | Vaults:4 | Noticed Heidiaz's ghost (adept MfBe)
 30449 | Vaults:4 | Noticed Bai Suzhen
 30475 | Vaults:4 | Killed Bai Suzhen
 30786 | Depths:1 | Entered Level 1 of the Depths
 30797 | Depths:1 | Reached skill level 24 in Invocations
 31317 | Depths:1 | Reached skill level 13 in Evocations
 31477 | Depths:1 | Found a gateway to Hell.
 31490 | Depths:1 | Reached skill level 8 in Dodging
 31939 | Depths:1 | Found Xishrar's Armour Emporium.
 32122 | Depths:1 | Found Powkynib's Weapon Emporium.
 32175 | Depths:1 | Reached skill level 9 in Dodging
 32279 | Depths:1 | Found Petuc's General Store.
 32890 | Depths:2 | Reached skill level 10 in Dodging
 33019 | Depths:2 | Identified the +0 plate armour of the Jabberwock {*Corrode
                  | rPois Dex-5 SInv}
 33023 | Depths:2 | Noticed a caustic shrike
 33028 | Depths:2 | Noticed a golden dragon
 33029 | Depths:2 | Killed a caustic shrike
 33034 | Depths:2 | Noticed a golden dragon
 33034 | Depths:2 | Noticed a golden dragon
 33035 | Depths:2 | shieeeet
 33426 | Depths:1 | Bought a scroll of enchant weapon for 112 gold pieces
 33560 | Depths:2 | Learned a level 4 spell: Vhi's Electric Charge
 33560 | Depths:2 | i don't think i'll be able to cast this
 33560 | Depths:2 | -2/-3 apts
 33560 | Depths:2 | meanwhile there are no Fire utility spells :(
 33668 | Depths:2 | Noticed a golden dragon
 33676 | Depths:2 | Killed a golden dragon
 33677 | Depths:2 | Reached XP level 21. HP: 178/207 MP: 37/37
 33736 | Depths:2 | Reached skill level 12 in Armour
 33776 | Depths:2 | Identified the +2 robe of the Lusting Orbs {rF+ rC+}
 34017 | Depths:2 | Identified the +6 leather armour of Golden Brilliance
                  | {-Tele Will+++ Int-3 Dex+3}
 34082 | Depths:2 | Reached skill level 5 in Translocations
 34082 | Depths:2 | Reached skill level 1 in Air Magic
 34082 | Depths:2 | hm
 34380 | Depths:2 | Killed a golden dragon
 34402 | Depths:2 | i'm immune to poison clouds but not to the breath causing
                  | the clouds, so I still get poisoned, but only a bit
 34402 | Depths:2 | funny
 34488 | Depths:2 | uh
 34490 | Depths:2 | Reached skill level 2 in Air Magic
 34491 | Depths:2 | Killed a golden dragon
 34496 | Depths:2 | Killed a golden dragon
 34540 | Depths:2 | Got the Lessons on Imprecation
 34681 | Depths:3 | Upgraded the game from 0.32-a0-407-g4da7c8d6d1 to
                  | 0.32-a0-422-g28b100f618
 34704 | Depths:3 | Reached skill level 6 in Translocations
 34704 | Depths:3 | Reached skill level 3 in Air Magic
 34784 | Depths:3 | Found a one-way gate to the infinite horrors of the Abyss.
 34836 | Depths:3 | Found a one-way gateway to a ziggurat.
 34870 | Depths:3 | Reached skill level 4 in Air Magic
 35424 | Depths:4 | Entered Level 4 of the Depths
 35439 | Depths:3 | Paralysed by a sphinx for 2 turns
 35487 | Depths:3 | Reached skill level 7 in Translocations
 35627 | Depths:4 | Found the +8 whip "Snakebite" {venom, curare, rPois}
 35651 | Depths:4 | Noticed a golden dragon
 35664 | Depths:4 | Killed a golden dragon
 35719 | Depths:4 | Reached skill level 5 in Air Magic
 36252 | Depths:4 | Found a gate to the Realm of Zot.
 36256 | Depths:4 | Noticed a golden dragon
 36277 | Depths:4 | Reached skill level 8 in Translocations
 36283 | Depths:4 | Killed a golden dragon
 36508 | Depths:4 | Reached skill level 6 in Air Magic
 36642 | Depths:3 | Identified the ring "Dunocri" {rPois rF+ Will+ Str+9
                  | Slay-6}
 36645 | Depths:3 | >slay-6
 36645 | Depths:3 | maaaan
 36680 | Abyss:3  | Cast into level 3 of the Abyss (hell knight)
 36682 | Abyss:3  | oh
 36682 | Abyss:3  | fuck
 36685 | Abyss:3  | Found a corrupted altar of Lugonu.
 36782 | Abyss:3  | Reached XP level 22. HP: 111/215 MP: 38/38
 36784 | Depths:3 | Escaped the Abyss
 37148 | Depths:3 | Found a burning altar of Makhleb.
 37226 | Depths:3 | Reached skill level 9 in Translocations
 37666 | Elf:1    | Entered Level 1 of the Elven Halls
 37768 | Elf:1    | Got Igiyhoqu's Encyclopedia of Company and Wanderlust
 37844 | Elf:1    | Reached skill level 7 in Air Magic
 37874 | Elf:1    | You fall into a shaft and drop 1 floor!
 37885 | Elf:2    | Paralysed by an air elemental for 1 turns
 37970 | Elf:2    | Reached skill level 19 in Axes
 37978 | Elf:2    | Found a portal to a secret trove of treasure.
 38073 | Elf:2    | Found Coapt's Jewellery Emporium.
 38109 | Elf:2    | Found Lesuf's Weapon Boutique.
 38370 | Elf:1    | Got Doffic's Incunable of Abominable Ceremonies
 38436 | Elf:1    | Found Nawiukli's Distillery.
 38442 | Elf:1    | Bought 2 potions of resistance for 220 gold pieces
 38563 | Elf:2    | Found Jase's Magic Scroll Shoppe.
 38566 | Elf:2    | Bought a scroll of acquirement for 832 gold pieces
 38566 | Elf:2    | Acquired the +3 pair of gauntlets of War {Slay+5}
 38566 | Elf:2    | Found the +3 pair of gauntlets of War {Slay+5}
 38732 | Elf:2    | Found Xihuv's Magic Scroll Shop.
 38814 | Elf:2    | Found a runed translucent gate.
 38814 | Elf:2    | Found a runed translucent gate.
 38814 | Elf:2    | Found a runed translucent gate.
 39041 | Elf:2    | Reached skill level 10 in Translocations
 39135 | Elf:3    | Entered Level 3 of the Elven Halls
 39202 | Elf:3    | Reached skill level 8 in Air Magic
 39204 | Elf:3    | Found a radiant altar of Vehumet.
 39402 | Elf:3    | Noticed Louise
 39414 | Elf:3    | Killed Louise
 39420 | Elf:3    | Reached skill level 20 in Axes
 39667 | Elf:3    | Identified the +3 robe of Wenoal {Slay+3}
 39667 | Elf:3    | Noticed Boris
 39692 | Elf:3    | Killed Boris
 40106 | Elf:3    | Learned a level 3 spell: Swiftness
 40111 | Elf:3    | Identified the +5 swamp dragon scales of the Snail {rPois
                  | rN+ Stlth+}
 40125 | Elf:3    | Identified the +2 scale mail of Tygradiph {rC++}
 40171 | Elf:3    | Reached skill level 2 in Spellcasting
 40254 | Elf:3    | Identified the staff of Scorn {rF+ Str+3 Int-5 Dex+3 Tloc
                  | Fire}
 40291 | Elf:3    | Found the +8 longbow "Zephyr" {speed, Dex+3 SInv}
 40320 | Elf:3    | Identified the +5 ring mail of Nariffoo {rElec rF+ rC+
                  | Will++}
 40709 | Slime:1  | Entered Level 1 of the Pits of Slime
 40747 | Slime:2  | Reached XP level 23. HP: 224/224 MP: 39/39
 40939 | Slime:5  | Entered Level 5 of the Pits of Slime
 41031 | Slime:5  | Noticed the Royal Jelly
 41202 | Slime:5  | Gained mutation: You occasionally lose the ability to read
                  | scrolls when taking damage. [a shining eye]
 41221 | Slime:5  | Killed the Royal Jelly
 41222 | Slime:5  | Reached skill level 3 in Spellcasting
 41222 | Slime:5  | Reached skill level 11 in Translocations
 41232 | Slime:5  | Reached skill level 21 in Axes
 41232 | Slime:5  | Found the +7 great mace "Undeadhunter" {deathbane, rN+}
 41233 | Slime:5  | Got a starry gem with 119 turns to spare
 41355 | Slime:5  | Got a slimy rune of Zot
 41367 | Slime:5  | Lost the starry gem through the power of Zot.
 41391 | Slime:5  | Identified the +5 scale mail of Nyzaym {rF+}
 41749 | Elf:2    | You showed the slimy rune of Zot to enter a treasure trove
 41750 | Trove    | Entered a treasure trove
 41752 | Trove    | Found the ring of the Mage {Wiz Archmagi}
 41754 | Trove    | Found the necklace of Bloodlust {Fury *Rage Will++ Int-3
                  | Slay+6}
 41764 | Trove    | Identified the ring "Lucutt" {rF+ Will+ Str+6}
 41768 | Trove    | Identified the amulet "Badiosmo" {Faith Harm rElec Regen+
                  | Slay-3}
 41769 | Trove    | Identified the amulet of Attitude {RegenMP Will+ rCorr
                  | Str-3}
 42180 | Vaults:5 | Entered Level 5 of the Vaults
 42239 | Vaults:5 | Noticed an ancient lich
 42248 | Vaults:5 | Reached skill level 23 in Fighting
 42253 | Vaults:5 | Reached skill level 25 in Invocations
 42262 | Vaults:5 | Killed an ancient lich
 42279 | Vaults:5 | Noticed an ancient lich
 42286 | Vaults:5 | Killed an ancient lich
 42302 | Vaults:5 | Reached skill level 4 in Spellcasting
 42302 | Vaults:5 | Reached skill level 14 in Evocations
 42411 | Vaults:5 | Found the +18 shield of the Gong {Loud rN+ Will+ rCorr
                  | EV-5}
 42458 | Vaults:5 | Got a silver rune of Zot
 42488 | Vaults:5 | Identified the staff "Hemiuc" {rF+ rN+++ Int+5 Dex-3 Stlth-
                  | Fire}
 42520 | Vaults:5 | Identified the amulet of Ugocke {Spirit rC+}
 42542 | Vaults:5 | Reached XP level 24. HP: 200/235 MP: 39/39
 42562 | Vaults:5 | Reached skill level 10 in Shields
 42595 | Vaults:5 | Identified the ring "Zodwean" {rElec rF++ Will+ Int-4
                  | Dex-4}
 42790 | Vaults:5 | Noticed a dread lich
 42798 | Vaults:5 | Killed a dread lich
 42802 | Vaults:5 | Reached skill level 11 in Shields
 42894 | Vaults:5 | Reached skill level 12 in Shields
 43019 | Vaults:5 | Identified the +11 bardiche of Innocence {venom, rN+}
 43019 | Vaults:5 | Identified the +1 arbalest of Jacuozerr {elec, Int+3}
 43100 | Vaults:5 | Reached skill level 13 in Shields
 43175 | Vaults:5 | Identified the +9 sling "Lejo" {drain, rF++ rN+ Stlth+}
 43272 | Vaults:4 | Killed Heidiaz's ghost
 43323 | Vaults:4 | Reached skill level 22 in Axes
 43323 | Vaults:4 | Reached XP level 25. HP: 243/243 MP: 39/39
 43497 | Vaults:1 | Bought 2 potions of might for 136 gold pieces
 43527 | Vaults:1 | Killed t4s4d4r's ghost
 43600 | Vaults:1 | Bought a potion of heal wounds for 80 gold pieces
 43600 | Vaults:1 | Bought a potion of might for 64 gold pieces
 43600 | Vaults:1 | Bought a potion of experience for 800 gold pieces
 43600 | Vaults:1 | Bought a potion of curing for 48 gold pieces
 43600 | Vaults:1 | Bought a potion of ambrosia for 128 gold pieces
 43600 | Vaults:1 | Reached XP level 26. HP: 251/251 MP: 39/39
 43749 | Hell     | Entered the Vestibule of Hell
 43749 | Hell     | Noticed Geryon
 43756 | Depths:1 | Reached skill level 12 in Translocations
 43800 | Depths:1 | yeah, um
 43800 | Depths:1 | this might be difficult
 43800 | Depths:1 | maybe i shouldn't
 43938 | Depths:1 | i feel strong but at the same time not really
 44032 | Depths:2 | Found a one-way gate leading to the halls of Pandemonium.
 44037 | Depths:2 | Reached skill level 11 in Dodging
 44041 | Pan      | Entered Pandemonium
 44042 | Pan      | lol
 44042 | Pan      | lmao
 44131 | Pan      | Noticed Gosucvo the pandemonium lord
 44140 | Pan      | Killed Gosucvo the pandemonium lord
 44141 | Pan      | ow
 44288 | Pan      | Noticed Aqohasho the pandemonium lord
 44289 | Pan      | uhhhhhhhhhhhhhhhhh
 44303 | Pan      | Reached skill level 26 in Invocations
 44307 | Pan      | Killed Aqohasho the pandemonium lord
 44307 | Pan      | HP: 42/251 [??? (40)]
 44314 | Pan      | HP: 48/251 [Ice Fiend (3)]
 44322 | Pan      | HP: 50/251 [hellion/damnation (17)]
 44330 | Pan      | hue hue
 44330 | Pan      | that's pretty funny
 44333 | Pan      | but not very safe
 44343 | Pan      | HP: 50/251 [blizzard demon/bolt of cold (12)]
 44469 | Pan      | Gained mutation: You are dopey. (Int -2) [a cacodemon]
 44876 | Pan      | Noticed Ignacio
 44877 | Pan      | ooh
 44882 | Pan      | hm
 44883 | Pan      | HP: 47/251 [Ignacio/+2 executioner's axe of pain (8)]
 44883 | Pan      | HP: 17/251 [Ignacio/+2 executioner's axe of pain (18)]
 44883 | Pan      | HP: 4/251 [Ignacio/+2 executioner's axe of pain (10)]
 44891 | Pan      | HP: 48/251 [Ignacio/+2 executioner's axe of pain (14)]
 44904 | Pan      | HP: 47/251 [balrug/divine providence (12)]
 44910 | Pan      | HP: 41/251 [balrug/divine providence (11)]
 44963 | Pan      | oof
 44967 | Pan      | that's a lot of fiends
 44971 | Pan      | Reached skill level 13 in Translocations
 45107 | Pan      | wow ignacio sure fucked me up
 45274 | Pan      | Gained mutation: You are vulnerable to heat. (rF-) [a
                  | cacodemon]
 45289 | Pan      | Noticed Arikkef the pandemonium lord
 45472 | Pan      | Killed Arikkef the pandemonium lord
 45493 | Pan      | Lost mutation: You are vulnerable to heat. (rF-) [potion of
                  | mutation]
 45493 | Pan      | Lost mutation: You occasionally lose the ability to read
                  | scrolls when taking damage. [potion of mutation]
 45493 | Pan      | Lost mutation: You are dopey. (Int -2) [potion of mutation]
 45493 | Pan      | Gained mutation: Your spells are a little easier to cast,
                  | but a little less powerful. [potion of mutation]
 45493 | Pan      | Gained mutation: Your spells are easier to cast, but less
                  | powerful. [potion of mutation]
 45493 | Pan      | Gained mutation: Your flesh is cold resistant. (rC+)
                  | [potion of mutation]
 45673 | Pan      | Reached skill level 27 in Invocations
 45687 | Pan      | Reached XP level 27. HP: 185/258 MP: 40/40
 45738 | Pan      | Learned a level 6 spell: Dispersal
 46022 | Pan      | Noticed Xitodass the pandemonium lord
 46037 | Pan      | Killed Xitodass the pandemonium lord
 46174 | Pan      | Got a demonic rune of Zot
 46175 | Pan      | ha!
 46184 | Pan      | (i want out ;_;)
 46474 | Pan      | Found an exit through the horrors of the Abyss.
 46494 | Pan      | yeah, let's just win, don't be silly
 46495 | Pan      | Took an exit into the Abyss.
 46495 | Abyss:3  | Escaped into the Abyss
 46495 | Abyss:3  | Found a corrupted altar of Lugonu.
 46564 | Abyss:3  | Reached skill level 14 in Translocations
 46693 | Abyss:3  | Found a corrupted altar of Lugonu.
 46695 | Abyss:3  | Found a basalt altar of Yredelemnul.
 46724 | Abyss:3  | Found a basalt altar of Yredelemnul.
 46765 | Abyss:3  | HP: 44/260 [lurking horror (41)]
 46863 | Abyss:3  | Reached skill level 23 in Axes
 46888 | Abyss:3  | HP: 44/260 [lurking horror (42)]
 46912 | Abyss:3  | Got an abyssal rune of Zot
 46945 | Depths:2 | Escaped the Abyss
 46946 | Depths:2 | thank you
 47062 | Zot:1    | Entered Level 1 of the Realm of Zot
 47063 | Zot:1    | Noticed a dread lich
 47089 | Zot:1    | Reached skill level 24 in Fighting
 47168 | Zot:1    | Noticed a dread lich
 47184 | Zot:1    | Killed a dread lich
 47195 | Zot:1    | Noticed a dread lich
 47197 | Zot:1    | Noticed a dread lich
 47200 | Zot:1    | Killed a dread lich
 47201 | Zot:1    | Reached skill level 5 in Spellcasting
 47201 | Zot:1    | Killed a dread lich
 47204 | Zot:1    | Killed a dread lich
 47228 | Zot:1    | Identified the ring of the Peasants {rF+ EV+5 Str+6}
 47229 | Zot:1    | nice!
 47235 | Zot:1    | Got the Grimoire of the Ironbound Comitatus
 47758 | Snake:4  | Bought the Papyrus of the Greater Akashic Record for 1290
                  | gold pieces
 47760 | Snake:4  | Learned a level 1 spell: Apportation
 47769 | Snake:4  | Learned a level 8 spell: Disjunction
 48275 | Zot:2    | Reached skill level 15 in Evocations
 48293 | Zot:2    | Found the +4 dragonskin cloak
 48293 | Zot:2    | Noticed Tiamat
 48294 | Zot:2    | Reached skill level 15 in Translocations
 48309 | Zot:2    | Reached skill level 6 in Spellcasting
 48658 | Zot:2    | Killed Tiamat
 48738 | Zot:2    | Reached skill level 7 in Spellcasting
 48904 | Zot:2    | Found an ancient bone altar of Kikubaaqudgha.
 48929 | Zot:2    | Reached skill level 16 in Translocations
 48967 | Zot:2    | oh, mini tomb
 48967 | Zot:2    | neat
 49104 | Zot:3    | Found a transporter.
 49305 | Zot:4    | Reached skill level 8 in Spellcasting
 49472 | Zot:5    | Entered Level 5 of the Realm of Zot
 49704 | Zot:5    | Reached skill level 17 in Translocations
 49853 | Zot:5    | Noticed an orb of fire
 49869 | Zot:5    | Killed an orb of fire
 49870 | Zot:5    | Reached skill level 9 in Spellcasting
 49971 | Zot:5    | Noticed a dread lich
 49976 | Zot:5    | Noticed a dread lich
 49981 | Zot:5    | Noticed an ancient lich
 49983 | Zot:5    | Killed a dread lich
 49984 | Zot:5    | Killed a dread lich
 49994 | Zot:5    | Killed an ancient lich
 50143 | Zot:5    | Reached skill level 18 in Translocations
 50146 | Zot:5    | Noticed a dread lich
 50148 | Zot:5    | Noticed an orb of fire
 50150 | Zot:5    | Killed a dread lich
 50155 | Zot:5    | Noticed a dread lich
 50160 | Zot:5    | Noticed a dread lich
 50161 | Zot:5    | Killed an orb of fire
 50164 | Zot:5    | Killed a dread lich
 50165 | Zot:5    | Reached skill level 10 in Spellcasting
 50167 | Zot:5    | Killed a dread lich
 50184 | Zot:5    | Noticed an orb of fire
 50199 | Zot:5    | Killed an orb of fire
 50209 | Zot:5    | Noticed an ancient lich
 50217 | Zot:5    | Noticed a dread lich
 50221 | Zot:5    | Killed an ancient lich
 50224 | Zot:5    | Killed a dread lich
 50372 | Zot:5    | yeah, it's a strong character, but I want to win first
 50372 | Zot:5    | Got the Orb of Zot
 50742 | D:11     | Reached skill level 19 in Translocations
 50900 | D:6      | Learned a level 4 spell: Manifold Assault
 50947 | D:5      | Noticed Yraveas the pandemonium lord
 50964 | D:5      | Killed Yraveas the pandemonium lord
 50972 | D:5      | Reached skill level 11 in Spellcasting
 51095 | D:1      | Gained mutation: You have hidden genetic defects. [a
                  | cacodemon]
 51109 | D:1      | Lost mutation: Your flesh is cold resistant. (rC+) [potion
                  | of mutation]
 51109 | D:1      | Lost mutation: You have hidden genetic defects. [potion of
                  | mutation]
 51109 | D:1      | Lost mutation: Your spells are easier to cast, but less
                  | powerful. [potion of mutation]
 51109 | D:1      | Gained mutation: You have sharp fingernails. [potion of
                  | mutation]
 51109 | D:1      | Gained mutation: Your muscles are strong. (Str +4, Int/Dex
                  | -1) [potion of mutation]
 51109 | D:1      | Gained mutation: You have supernaturally acute eyesight.
                  | (SInv) [potion of mutation]
 51109 | D:1      | Gained mutation: You have large cloven feet. [potion of
                  | mutation]
 51207 | D:$      | Escaped with the Orb!

Illustrated notes #...# #...# #.!.# #...# #...# #...# #...# #@..# #...# #).<# ##### Turn 429 on D:2: lmaoo ####### #.....# ## #..# #. ##.## #. ##.@.## #.##.....## ######### #.#.......### #.......# #....._.....# #.......# ###.......#.###.).....# ##.....##.'.')......# ##...##..###.).....# ##.##...###.<.....# ####.##..)..'..>....# Turn 925 on D:3: ..huh? #...........# #...... ##.######...# ###...... ##.. ##..#####........ #..# ##.............. #...# #[##....#.#...... #....##.....#...##..... #.....######.#......... #...............#.#.... #.....@....#....#.#.... ##############....#.... #### #......#..###.... #..###..............## #..................### #.####................ #.##.)..............## ###..#.###...#........#. #....))#...###.......... Turn 2053 on D:4: huh .#'####.....#.###...##........##. ............#.................##. ............#.................##. #'#..##############...........##. ..#..#.......# #...........##. ..####.......# #..÷........##. .............######...........##. ...#.........#§§§§#...........##. ...#.........#§§@§#...........##. #............#§§§§#.............. ......########°§§§#.........)#### .#....#.....§§§§§§#..........'..# .#....'....§§§§§§§#..........#..# .#....#..§§§§§§§§§#..........#..# .#....#..§§§§§§§§§# #######.##..# .'....#..§§§§§§§§§# #.# ..# .#....#...........# # #.# #.# Turn 5955 on D:9: lmao #... #### #... #.#. ##... .... ###.... #.. ##...... #... ##.....#. ..# #........ #.#.## #......) #e..@# ###....# #.......# #...### #........ #...##. ......#..# ##.##.. .....##... ###... .^... ##.## ##.. .... .# ### .... .. # . Turn 6892 on Orc:1: uh ###....))..# #...##... ##......)#..## ##.##.... #.......##)..# ###..... #...^....##.## ##.... #........###.### ###.# ##........#....## #. #$..$.....#....# .. ...........#°..## .#. ..........#..@## ## .#....>.$.....# .............. ..#...#..#. ......$.##. .......## .# ......# . ...... . Turn 6954 on Orc:1: that's interesting ............###©####...........#. .....).....##©###$.#####......... ..........##......#....#......... ..........#....#...#...##..####.. ..........#..##..#......#..# #.. ..........#...#..©..##..#..#####. .....<...##.#....§#.....#..##.... .........#....###=..##.##........ .........##..#..@.§....#......... ..........###..#####..##......... ............####.©.####.......... ........................#...##... .).......##..##...#######..#####. .)[[.....######....#####...# ## .........# #<.#.#......## # .........# #..._.......# # ........## ##..#.#......# Turn 10557 on D:8: rpois! ##..# .....#..... #...# #.....##...## #...# #....####....# ##..###...>## #..... #...#...# ##..... #......# #...... #.....# #...... #§..# #...... ## ##.@# ##.....# ..## #...## #......# ...#####.°..########.....## #.......>......>##......# #......................# ##......########.......# #......# ###.....# #....).# ##....# #......# ##..## Turn 10693 on D:8: and here it is ## #P. #### #... #[.P #...# ##... ###...# #....##...# #...@.°# ### #..##...## # ##.## # ###..## .## ##...# ### ##..# ..P# #....# ##.### ##.###...## ###....# ##....####........# #......###......##.....###.. ####....###.††...#..P### # ##...# #.†##.....## Turn 14499 on Lair:5: lel ########## #....^...< #...uu.... #......... #......u.Q #○u.○u.u.. #u........ #.@......Q #.u....... #..D.?.... .......... ########.## .. # Turn 15422 on D:14: dude #..........# #.# #.... #..........# #.# #.... #÷######...# #.# #.... ##.'....#...# #.#####.... #..#....#+#.# #.......... #######..#....#.### #.......... .........#...##...#####.......... ##.......#...#.⌠○⌠..'.#.......... .#.......#..##..@..##......###### .#.......#..+..⌠○⌠.######..#..... .#.......#..###...###...#..#..... ##.......########.#.....####..... ..)>............#'#.............. .......######+##..#....######.... .......# ..............# #.... .......# ..............# #.... .......# ..............# #.... Turn 16764 on D:12: wew lad #..........# #.# #....# #..........# #.# #..... #÷######...# #.# #..... ##.'....#...# #.#####..... #..#....#+#.# #........... ######..#....#.### #........... ........#...##...#####........... #.......#...#.°.⌠..'.#........... #.......#..##..∩@.##......####### #.......#..+..○.⌠.######..#.....# #.......#..###...###...#..#.....# #.......########.#.....####.....# .)>............#'#............... ......######+##..#....######..... ......# ..............# #..... ......# ..............# #..... ......# ..............# #..... Turn 16776 on D:12: i sure feel intelligent now #.# #.# #.# ~######.# ## ~~...##.##~## ~~~N.##.#~~~## . ~~§.##SS○~~~#... ###S.#§(~~...... ##..~NN..@..^.... ##....#~°☼°~...~?~ ##.......~~~~~^?.~~~~~.. #ß...###########~~~~~~~## ##.............##~~~~~~~## ##......⌠).....##~~~~~~~## ##.............##~~~~~~~# ###########...ß#~~~~~~### .............##~~~~~# #. Turn 18419 on Snake:2: i blink? #.# #.# . #.# ~~######.# ## ~~~...##.##~## ~~~~..##.#~~~## . ~N†§##)~~~~~#... ###○.#)†~~...... ##..~)@..○..^.... ##....#~~~°~...~?~ ##.......§~~~~^?.~~~~~.. #ß...###########~~~~~~~## ##.............##~~~~~~~# ##......⌠).....##~~~~~~~ ##.............##~~~~~~ ###########...ß#~~~~~~ .............##~~~~~# Turn 18429 on Snake:2: ah, distortion ...........#.....###.....#####... .......)..##....##..÷......###.## ..........#....##.......))..##... ........###...##....####))...#... ........##...##....## ###...#### .........#..)#....## #...##.^ .......###.))#..○## ##...#.. .........#..)#...# #...#.. .........#...#°(@## #...#.. _........#..)#.°°.## #...#.. ...#.....##..##°...# #...### .......##.#...#......... ##...##. ....#...###...##........##...##.. .....#..#.##...###....###....#... .....##....#.....######.....##... ...........##..............##.... ###########.###..........###..... Turn 21597 on Snake:4: five guardian serpents ≈≈≈≈~~~~ ≈≈≈~~~~~~~~~≈≈≈ ≈≈≈≈≈~.~ ≈≈≈~~~~~~~~~~≈≈≈≈≈≈≈≈~~~ ≈~~~~~~~~~~~~~≈≈≈≈≈≈≈~~~ ~~~~~≈≈~~~~~~~~≈≈≈≈≈≈~~~ ..~~~~~~~~~~~~~≈≈≈≈≈≈~~~ #.~~○§§...~~~~≈≈≈≈~~.. #.§......~~~~~≈≈≈~... #@# #..~~~~~≈≈~~.. #.###..~~~~~≈≈~~.. #.....~~~~~≈≈≈~~.. ##..~~~~~~~~~~~~.. #..~~~~~~~~~~~~~~ ##..~~~~~~~..~~~~ ##..~~~~......~~ #.~~~~...###.~. ##).~~~.#####... Turn 23250 on Shoals:3: yes please ≈≈≈≈≈≈≈≈≈≈≈≈≈≈≈ ≈≈≈≈≈≈≈≈≈≈≈≈≈≈≈ ≈≈≈≈≈≈≈≈≈≈≈≈≈≈≈ ≈≈≈≈≈≈≈≈≈≈≈≈≈≈≈ #≈≈~~~~~~~≈≈≈≈≈ #≈~~~~~§○~~≈≈≈≈ #≈~~......~~≈≈≈ #~~..°.@...~≈≈≈ #~~.....○..~~≈≈ #~~....m.○..~≈≈ #~..........~~≈ #~...m.k.....~≈ #~...........~≈ .m......m....~~ .......mH....~~ Turn 23605 on Shoals:4: that's just going to be disaster area spam, isn't it... ≈≈≈≈≈≈≈≈≈≈≈≈≈≈≈ ≈≈≈≈≈≈≈≈≈≈≈≈≈≈≈ ≈≈≈≈≈≈≈≈≈≈≈≈≈≈≈≈ ≈≈≈≈≈≈≈≈≈≈≈≈≈≈≈≈ #≈≈~~~~~~~≈≈≈≈≈≈ #≈~~~~~~~~~≈≈≈≈≈ #≈~~~°☼~~○~~≈≈≈≈ #~~~~..@.~~~≈≈≈≈ #~~~.§○...~~~≈≈≈ #~~~..§).)~~~≈≈≈ #~~~..)○))~~~~≈≈ #~~~~)§†.))~~~≈≈ #~~~~.†..).~~~≈≈ ~~~~~~..[.~~~~~≈ ~~~~~~~..~~~~~~≈ ~~...!..~~~~~~~≈ Turn 23644 on Shoals:4: actually it was only two upheavals ###.#......#....##......##...... ....##....#..............#....#.. ....##....##....#P......##....#.. .##.......#P.~~~~~~~....##...#... +##.......#~~~~≈≈~≈~~...#....##.. ...........~~≈#####~~~.......##.. ...........~≈##...##~~...^#P###.. ...........~~#.§...#~~....###.... .............'..@.○#≈~.......>... ...........~~#.§...#≈~........... .#..P......~≈##...##~~........... #..P.....P~~~~#####≈~~..P#P.#.#.. ...##.....##~~≈≈≈≈~~~...###..##.# ..#.....###.~~~~~~~....# #..#### ...#....# .....#~~.....# #.....# ...P#....# #....###.....###...... .........# ##...........#.. Turn 24855 on Lair:2: if it wasn't for low willpower, i could probably go to slime already ### ####### ##∩## ##.....## #...# ##..# #..######.⌠.##### #∩.## ##..'...........+ ##..###..######.⌠.##### #......## #...# ######## ##@## ### Turn 25437 on Bazaar: and that's phantom mirror gone ####### #....)# #)..§.# #..○.)# #)..§.# #...))# ##.○@## ...# ###'####...# ##.#.##...# #.....#...# ##.#.##...# ######'##...# .............# .............# ##########...# Turn 26630 on Vaults:2: wew #.....###### #........... #........... #........... #........... #.....^..... ############'######### #....~~~#..°.....# #....~~.#.°§@....# #####....~~)[.○......# ....'.......#.§......# ....#.......#.°°.....# ....#.......#..°.....# <...#########........# ....# #........# ....# #........# ##### #..<.....# Turn 27755 on Vaults:3: air elementals are actually OP #...#..........#........... #...#..........#........... +...#######@####........... #...+ #...# #...# #...# +###'..# #...#### +.⌠○'.# #.○@### +###+ Turn 29907 on Vaults:4: >orb of the Orb #####.# .)#...# ### #####.# ... #####.# C. ..#...# T.. ..#...# #D. ..#..## #C# ..#...# #D### .###..# #.@!# ## ##.# #.#.# ##..# #..[# #...# #.### # ..#..## #.#.#.#.# ..#...#########...#...# ..#.....#...#.....#...# ..##.............## ## . ##..#.)#..#..## Turn 33035 on Depths:2: shieeeet .#.#....##.#.....# #......##..'.....# ...#..##...#.....# .....##....#.....# ...###.....#.....####### ...........#...........# ....##.....#...........# ....##.....######.○....# .....#..... #.○.@......# ..............§°#..<...# ....##########..######## .#..# #.. ....# #.. §§§ [†..# #.. §§≈ ....# #.. #§≈ ....# #.# #≈≈ ....# ##### ##≈. Turn 33560 on Depths:2: i don't think i'll be able to cast this #####.# .)#...# ### #####.# ...## #####.# ... ..#...# C.. ..#...# #D. ..#..## #D# ..#..)# #†### .###..# #.@.# ## ##.# #.#.# ##..# #..[# . #...# #.### # ..#..## #.#.#.#.# ..#...#########...#...# .T#.....#...#.....#...# ..##.............##..## . ##..#.)#..#..## .# Turn 34082 on Depths:2: hm ......###....######+##### #. ##....# #...............# #. .#....###...............# #. .#.###...###............# #. .#.# #.>.# #............# #. .#[###...###............########. #...÷.###....#####.######........ ......# #.....#...)...# ######### ......###.....#)@.#.).# ..............#[#####.# )°.#........#.#(#####.# ...#........#.#..)#...# ### ##.#........###[#####.# ...# ########.....##.#####.# ... .......#.....##...#...# XC. .).....'.....##...#...# #.. .......#.....###..#..## #D# Turn 34402 on Depths:2: i'm immune to poison clouds but not to the breath causing the clouds, so I still get poisoned, but only a bit ####.######..........# #..))...# ############ #)..#.).# #... #[#####.# ... #(#####.# ... #..)#...# ##### #[#####.# ##...## #.#####.# ##....○## ## #...#...# #..☼@...#..^# #...#...#...#..X#☼..#...# ##..#..##..###DD#.#.#.#.# #...#..)# #..L#÷### #..###..# ...DC#.[.# # ## ##.# ..#...#.#.# #. ##..##.....##..[# #.. #...##/%.:[ #.### # ##..#..## #.#.#.#.# Turn 34488 on Depths:2: uh #.# #.# #.# #.# ##+## #.# ##...## #.# ##.....## #^# ##.☼.⌠...##### #.# #...≈≈≈...#... #.# +.@○≈#≈⌠..'.. #.# #...≈§≈...# #.# ##○..⌠...## #.# ##..°°)## #.# ##.))## #.# ####)#### #.# #≈....§§# #.### ########.....## #...####....##≈.....§# Turn 36645 on Depths:3: >slay-6 #. .# ..# ..# ##.. ##.§## ##....# #.@# #..# ###..# ..# ..# ..# ... .... .... Turn 36682 on Abyss:3: oh #.......# #.......#(...(...(#.# #'# ######...####.####..# #..### ##...### ..# #.^# #...# #..### .## ##.. ######[## ##'#######.# ##. #.....[.###..÷....)..# #. #.....[.).#°..§○..#### ## #....=.)#.'.°.....# # #.......###.○@.§..# # #.......# #...°...# # #.......# #.°§....# # #.......# #.......# #### ###.##### #####'### ####..% #.# #..# ##.....# #.# ###.## #....... #.# #...# #.###.## ###)### ##.####### #.#.#.#. Turn 43800 on Depths:1: yeah, um #.......# #.......#(...(...(#.# #'# ######...####.####..# #..### ##...### ..# #.^## #...# #..### .## ##..# ######[## ##'#######.# ##.## #.....[.###..÷....)..# #..# #.....[.).#..○....#### ##.# #....=.)#.'..§....# #.# #.......###..∩○@.☼# #.# #.......# #.......# #.# #.......# #..○.○°.# #.# #.......# #.......# ####.# ###.##### #####'### ####..%.. #.# #..# ##.....##. #.# ###.## #......... #.# #...# #.###.###. ###)### ##.####### #.#.#.#.#. Turn 43938 on Depths:1: i feel strong but at the same time not really #..##..# ##......# ........# .......# #......# #.§....# #......# #.@....# #......# #...§..# #......... #..##..... #..# ..### #..# .# #..# .# Turn 44042 on Pan: lol ...... #..# ..# ......##..##..## ................ .......)........ ......##..##..# ..... #..##..# ..§§ #..##..# .. ..§ #○§##..# ).. ..... #@§##..# ..# . ....##.(##..##..# .....§§.##......# ..^.§....)).....# ................# ........##......# ........##......# ........##......# ##......##......# Turn 44141 on Pan: ow § 4§ 1§§ §§2§ §&§§. #########.§§§.. #......@3....4. #.°.○.§○.○...#. #.....○......# #............+ #............# #............# #^...........# #............# #........ Turn 44289 on Pan: uhhhhhhhhhhhhhhhhh .. ...≈.. .. ###..≈... #' #.....≈.. .3#....≈.≈. 3#.....≈.≈ '....≈.≈. #########........ #@.....§.§....... #.○§§§§§.....#... #..°°.§§.....# #......§.....+ #............# #............# #^...........# #............# #............# Turn 44330 on Pan: hue hue .. ...≈.. .. ###..≈... #' #.....≈.. .3#....≈.≈. 3#.....≈.≈ '....≈.≈. #########........ #@○§...§.§....... #............#... #............# #............+ #............# #............# #^...........# #............# #............# Turn 44333 on Pan: but not very safe #...# .# #...# .. #...# .. #...##3 #..... #...1 #○○.########## #..@#......... #...'.§....... #§..#..######## .# #.○.#°.'......# .# #...#..#......#..# #...#..#......#..# #...#..######'#..# #...#............# #...#............# Turn 44877 on Pan: ooh #...# .# #...# .. #...# .. #...##3 #..... #.... #...########## #...#@........ #...1○........ #.°.#..######## .# #...#..'......# .# #...#..#......#..# #...#..#......#..# #...#..######'#..# #...#............# #...#............# Turn 44882 on Pan: hm ******************************* ,,,,,,,,,,,,,,,,,,,,,,,,,,,,,,* *****,,,,,,**,,,,,,,,,,,**,,*,* ,,,,,,,,...##..........,,,,,,,* ****+***##.##.#+######.,,,,,,,* *,,,,,,,.+.##.#...####.,,,,,,,* ***,,,**##....#☼@#####4,,,,,,,* ,,*,,,**#######..#.....,,,,,,,* ,,*,,,,,..####...#..#..,,,,,*,* ,,*,,,,,..####..1#..#..**,,,*,* ,,*,,,,,..####...#.....,,,,,,,* ,,***,**#.#####1##.....,,,,,,,* *,,,*** #.#####.'......,,,,,,,* *,*,* #.......#.....#******,* *,,,* #########......,,,,,,,* Turn 44963 on Pan: oof **************************** ,,,,,,,,,,,,,,,,,,,,,,,,,,,* **,,,,,,**,,,,,,,,,,,**,,*,* ,,,,,...##..........,,,,,,,* *+***##.##.#+######.,,,.,,,* ,,,,,.+.##.#...####.,...,,,* ,,,**##....#.1#####.....,,,* ,,,**#######.1#.@.......,,,* ,,,,,..####..1#.s#......,*,* ,,,,,..####...#.1#..##..,*,* ,,,,,..####...#.......,,,,,* **,**#.#####.##4....,..,,,,* ,*** #.#####.'......,,..,,,* ,* #.......#.....#***#**,* ,* #########......,,,,,,,* ** #######.....###***,,,,* Turn 44967 on Pan: that's a lot of fiends ********################## ,,,,,,,,.................# ,,,,,,**...........##..#.# ,,,...##.................# ***##.##.#+######..§.....# ,,,.+.##.#...####○°...)..# ,**##....#.1#####.°......# ,**#######.1#...@.○°.....# ,,,..####..1#.○#.......#.# ,,,..####...#..#..##...#,# ,,,..####...#............* ,**#.#####.##............# ** #.#####.'≈.........$..# #.......#.....#######?* #########......,,,,,,,* #######.....###***,,,,* Turn 45107 on Pan: wow ignacio sure fucked me up ### #..........##..# ... #..........##... .. ..~ #######.......##... #..###.~≈##≈≈# #.......##..# #.....~≈##≈..# #.......##..# #..#..~≈#≈°!.## #....)..##..# ###....~≈~≈.(○[#.##...##......# .......~≈≈~..§°##.#...#.......# .....#.~≈≈~.§.@#......#...##..# #....~≈≈~$.○○#..........##... #....~≈~≈.?.!####.......##∩.. #..##.)≈#≈.?.# #.......##..# #.~≈##≈..# #.......##..# #..~≈##≈≈# #.......#...# #..~≈≈#### #........#..# #.....≈≈≈####...........# ##.......#..............# Turn 46175 on Pan: ha! ... #..........## .. ..~ #######.......## #..###.~≈##≈≈# #.......## #.....~≈##≈..# #.......## #..#..~≈#≈.!.## #....)..## ###....~≈~≈.(.[#.##...##.... .......~≈§~....##.#...#..... .....#.~≈○§§..§#......#...## #....~≈≈~@...#..........## #....~≈○≈....####.......## #..##.)≈#≈○..# #.......## #.~≈##≈..# #.......## #..~≈##≈≈# #.......#. #..~≈≈#### #........# #.....≈≈≈####......... ##.......#............ ......##...#...........# Turn 46184 on Pan: (i want out ;_;) ...# #...∩.^...# ...# #.........# ...# #.........# ...# #.........# ...# #.........# ...# #.....∩...# ...# #......°.○# ...# #∩.......°# ...# #......§°@# ...# #........°# ...# #......§..# ...# #.........# ...#####.........# .................# ..........##.....# ..........##.....# .)........##.....# Turn 46494 on Pan: yeah, let's just win, don't be silly ......#...........#...........# .. #....##.....#...........# ##....##.....######......# #......#.....##...'......# #.................#..<...# #.....##########..######## ########.#..#.'.....##.........# #...........#.######.#.........# #.......[†..#.#@§..#.#.........# #...........#.#....#.#.........# #...........#.#....#.#.######### #...........#.#....#.#.........# ###########.#.####'#.#.......... #......##.....#.#.......... #......########'#.......... #<......................... #.............#............ Turn 46946 on Depths:2: thank you

###.≈§§§...................,,,,,,
###.≈≈≈≈##∩.#.##.##.#....).,,,,,*
#.≈§≈#....#.##.##.######.,,,,,*
#.≈≈≈#.#.##†##....##...#,,,****
###'#≈##.#....#####....#.#,,,* *
.....###.###############.####* *#
.....#...#.....○:).....#....# *#≈
.....#.###.##..§☼...##.#....#*#≈§
.##+##.###D..##|@○##...#....##≈≈≈
.,.D.....#.....###.....#....#≈≈§≈
.,,,.....#.##.......##.#....§≈≈§§
.,,......#,..##...##...#....#≈≈§§
.,.......#.....###.....#....##≈≈≈
,........#.##.......##.#......#≈≈
#...#....#...##...##...##...≈.##≈
*,,,,*,**#.....###.....####≈≈.##.
*,,,,,,,**#...........##....≈....


Turn 47229 on Zot:1: nice! #...###...........###....##
...##*.....###.....###....# ####*,...*##<###....#####.#
...##..,*##...###...##....# ...##..###.....###..##...##
...##...............##....# #..###..........○..###%.#.#
####*#.....#.#.....######.# ...###.........°@..###....#
....###'##....○##'###....## ....##...##._.##.°.##....##
.#..##....#...#....##..#..# #..##(.#..#...#..#.(##..#.#
#####(....'...+....(#####.# ...###(...#...#...(###....#
....###(..#.<.#..(###....## #...###((*#...##((#*#...## Turn 48967 on Zot:2: oh,
mini tomb ▓▓▓▓▓▓▓▓# #▓▓▓▓▓▓▓▓ ....▓▓▓▓ ▓▓▓▓.... .......▓## ##▓^......
.........## ##......... ..........# ▓▓▓▓▓▓▓▓▓ #^.........
..........▓▓▓.......▓▓▓.......=.. .......?..▓▓.....^○§.▓▓.)........
..........▓..^..^^.°.†▓.......... .....^.........°@.○...)..........
........[.▓....○^.....▓.......... ....^.....▓▓....^.§..▓▓..........
..........▓▓▓.......▓▓▓.......... ..........▓ ▓▓▓▓▓▓▓▓▓ ▓.......... .........▓▓
▓▓......... .......▓▓▓ ▓▓▓....... .^..▓▓▓▓ ▓▓▓▓...^ ▓▓▓▓▓ ▓▓▓▓ Turn 50372 on
Zot:5: yeah, it's a strong character, but I want to win first

Levels and vault maps discovered:
D:1:      dpeg_arrival_refuge, layout_rooms, chequers_jeans,
          chequers_serial_rivers_large_a, minmay_pentomino_v2
D:2:      layout_basic, grunt_ministairs_11, uniq_sigmund, uniq_jessica
D:3:      layout_basic, lemuel_round_altar, minmay_misc_feat_roman
D:4:      layout_rooms, serial_shops, shop_statue, minmay_cut_off, uniq_duvessa
D:5:      layout_cave_pools, hangedman_decor_riveting, hex_medium, uniq_grinder
D:6:      layout_loops_ring, overflow_temple_1_default, gup_sewer_entry_pipe,
          minmay_mini_ossuary, uniq_blork_the_orc
D:7:      layout_basic, chequers_temple_overflow_statue_of_worship,
          temple_doors_e, biasface_ghost_orc_armoury, chequers_avenue
D:8:      layout_layer_cave, lemuel_crystal_altar, lair_entry_dummy,
          gammafunk_ghost_stat_death
D:9:      layout_stronghold, grunt_temple_overflow_open,
          mainiacjoe_overflow_boulevard, pdpol_wu_jian_five_deadly_venoms,
          gammafunk_temple_overflow_elements
D:10:     layout_layer_cave, mainiacjoe_overflow_24_doors,
          yredelemnul_altar_generic, minmay_orc_entry_guard_dogs,
          chequers_serial_rivers_marsh
D:11:     layout_stronghold, serial_glass, glass_columns_a, glass_columns_a,
          glass_columns_a, glass_columns_b, glass_columns_b, glass_columns_c,
          glass_columns_c, glass_columns_b, glass_columns_a, glass_columns_a,
          kennysheep_generic_room_10, uniq_erica
D:12:     layout_irregular_city, serial_shops, nicolae_shop_rolling_square,
          nicolae_tso_swordbearing_angel
D:13:     layout_rooms, minmay_ruined_shrine, uniq_jorgrun
D:14:     layout_rooms, grunt_vaults_entry_tiered
D:15:     gammafunk_enter_depths_forms, layout_irregular_city,
          nicolae_dithmenos_through_a_glass_darkly
Temple:   nicolae_temple_superstar
Lair:1:   layout_regular_city, beast_lair_carwin_10, grunt_megastairs_1,
          serial_bayou_shore_a
Lair:2:   layout_regular_city, minmay_shoals_entry_hut, beast_lair_carwin_6
Lair:3:   layout_roguey, nicolae_snake_entry_squirm, st_stairs_12,
          grunt_megastairs_5, infiniplex_staircase_pool, uniq_rupert
Lair:4:   layout_roguey, portal_ice_cave_demonic_guard, st_stairs_7, uniq_sonja
Lair:5:   evilmike_catoblepas_cave, layout_misc_corridors, slime_entry_1,
          gammafunk_ghost_cemetery, grunt_forest_small_clearings,
          infiniplex_staircase_pool_2
Shoals:1: layout_shoals, nicolae_shoals_aquamancer_cove
Shoals:2: layout_shoals, serial_shops, shop, nicolae_shoals_nautilus_by_nature
Shoals:3: layout_shoals, serial_shops, nicolae_shop_peninsula
Shoals:4: shoals_end_grunt_ice, layout_shoals, serial_shops,
          nicolae_shop_rolling_square, shop_fountains, nicolae_shoals_land_atoll
Snake:1:  layout_onion, basic_altar, lemuel_fruit_tree, serial_bayou_shore_b,
          uniq_azrael
Snake:2:  layout_basic, basic_altar, drop_trap, nicolae_integral_box
Snake:3:  gammafunk_sealed_library, layout_chambers, serial_bayou_shore_b,
          uniq_aizul
Snake:4:  grunt_snake_rune_spirals, layout_onion_interference, basic_altar,
          nicolae_custom_books, nicolae_zig_zag_zippers
Slime:1:  layout_caves
Slime:2:  layout_caves
Slime:3:  layout_caves, cheibrodos_slime_lost_civilization_6
Slime:4:  layout_caves
Slime:5:  slime_pit
Orc:1:    layout_caves, serial_shops, shop, uniq_fannar
Orc:2:    st_orc_congregation, layout_diamond_mine, serial_shops,
          nicolae_shop_real_fake_doors, bloody_makhleb
Elf:1:    eino_elf_arrival_customs, layout_loops_cross, serial_shops, shop,
          minmay_elf_necromancy
Elf:2:    elven_hall_of_blades_hangedman_original [grunt_blade_entry_basic],
          layout_loops_corners, nicolae_trove_entry_crossroad, serial_shops,
          nicolae_stop_n_shop_2, nicolae_shop_rolled_up,
          nicolae_shop_bloodbath_and_beyond, shop
Elf:3:    minmay_elf_hall_spiked, layout_geoelf_castle, guppyfry_elf_altar,
          uniq_boris, uniq_louise
Vaults:1: gammafunk_ghost_spectres, nicolae_vaults_trapezoid_1,
          nicolae_vaults_house_3, nicolae_vaults_storage_closets_3,
          vaults_room_fours, vaults_room_stairs_pillars,
          hangedman_vaults_stagger, v_alt_pattern_6, v_misc_3,
          nicolae_vaults_network_barrier, layout_vaults_maze_bifur,
          serial_shops, bzr_entry_water, shop, shop
Vaults:2: hangedman_vaults_restitches, vaults_dpeg_ring, v_misc_19,
          ontoclasm_vaults_pinch, nicolae_vaults_double_plus_1, v_misc_23,
          gammafunk_sealed_arena, nicolae_vaults_trapezoid_layered,
          nicolae_vaults_diamond_1, nicolae_vaults_prndl,
          nicolae_vaults_yaktaur_gun_rack, nicolae_vaults_tetromino_T_2,
          nicolae_vaults_tetromino_L_1, layout_vaults_quadrants
Vaults:3: gammafunk_ghost_grave, minmay_crypt_entry_vampire_xt,
          nicolae_vaults_ninety_degrees, vaults_room_semicircle,
          nicolae_vaults_circle_grid_a, nicolae_vaults_frosty_reception,
          nicolae_vaults_variable_pillar_hall_cross, nicolae_vaults_octothorpe,
          nicolae_vaults_diamond_1, nicolae_vaults_corridor_and_loot_room,
          v_misc_27, nicolae_vaults_three_branches,
          nicolae_vaults_double_plus_1, layout_vaults_ring, uniq_norris
Vaults:4: ebering_ghost_gozag, vaults_dpeg_spiral, v_misc_17,
          nicolae_vaults_little_squares_2, v_pattern_4, hangedman_vaults_maws,
          nicolae_vaults_big_ls, grunt_vaults_trifunnel,
          vaults_room_mumra_shop_pool, ontoclasm_vaults_idyll,
          nicolae_vaults_double_plus_2, nicolae_vaults_mini_display_case,
          vaults_mumra_minichess, nicolae_vaults_little_squares_4,
          nicolae_vaults_double_plus_1, layout_vaults_big_room, serial_shops,
          nicolae_shop_back_alley_shop, uniq_frederick, uniq_bai_suzhen,
          uniq_saint_roka
Vaults:5
Depths:1: layout_roguey, hell_entry, minmay_misc_feat_iff, serial_shops,
          nicolae_shop_mannequins, shop, shop, roderic_three_in_a_row,
          drop_trap, kennysheep_generic_room_15
Depths:2: minmay_tile_spiral, layout_gridville, hellmouth_1,
          hangedman_decor_opposing, rand_demon_pan_entry_9, wad_mini_maze,
          infiniplex_staircase_star
Depths:3: evilmike_makhleb_hellhole, layout_small_grid, enter_ziggurat_f,
          abyss_entry_crystal, grunt_hell_entry_dis_grunt
Depths:4: evilmike_zot_entry_round, layout_basic, hell_entry, abyss_entry,
          minmay_misc_feat_x
Hell
Zot:1:    hellmonk_paralyzer, layout_basic
Zot:2:    kennysheep_room_grid, layout_onion,
          regret_index_zotdec_golden_two_three, uniq_tiamat
Zot:3:    layout_gridlike, regret_index_zotdec_plus,
          regret_index_zotdec_slimy_original, nicolae_transporter_intersection
Zot:4:    layout_gridville
Zot:5:    layout_cathedral_of_symmetry

Skill      XL: |  1  2  3  4  5  6  7  8  9 10 11 12 13 14 15 16 17 18 19 20 21 22 23 24 25 26 27 |
---------------+----------------------------------------------------------------------------------+-----
Fighting       | 2 3 5 6 8 10 11 13 14 16 17 18 19 21 22 23 24 | 24.2
Staves         | 3 |  3.0
Axes           | 2 4 6 8 11 13 14 15 17 18 20 21 22 23 | 23.3
Armour         | 3 5 6 7 9 11 12 | 12.6
Shields        | 3 5 6 8 9 13 | 13.0
Dodging        | 2 3 5 6 7 10 11 | 11.0
Invocations    | 1 5 8 11 13 15 17 19 20 22 23 24 25 27 | 27.0
Evocations     | 2 5 6 8 9 11 13 14 15 | 15.0
Earth Magic    | 6 7 |  7.0
Translocations | 1 4 8 10 11 13 19 | 19.3
Air Magic      | 6 8 |  8.0
Spellcasting   | 2 4 11 | 11.1
Summonings     | |  3.0

Action                     |  1- 3 |  4- 6 |  7- 9 | 10-12 | 13-15 | 16-18 | 19-21 | 22-24 | 25-27 || total
---------------------------+-------+-------+-------+-------+-------+-------+-------+-------+-------++-------
  Melee: Quarterstaff      |    59 |    89 |    89 |       |       |       |       |       |       ||   237
         Broad axe         |       |       |   234 |   522 |   912 |  1271 |  1329 |   844 |  1119 ||  6231
         War axe           |       |       |     6 |       |       |       |       |       |       ||     6
   Cast: Summon Small Mamm |     1 |     1 |       |       |       |       |       |       |       ||     2
         Call Imp          |       |     4 |     3 |     2 |       |       |       |       |       ||     9
         Vhi's Electric Ch |       |       |       |       |       |       |       |     1 |     2 ||     3
         Passwall          |       |       |       |       |       |       |       |       |    10 ||    10
         Lesser Beckoning  |       |       |       |       |       |       |       |       |     4 ||     4
         Blink             |       |       |       |       |       |       |       |       |     1 ||     1
 Invoke: Upheaval          |       |       |       |    10 |    22 |    20 |    11 |    22 |    29 ||   114
         Elemental Force   |       |       |       |     1 |     2 |       |     2 |       |       ||     5
         Disaster Area     |       |       |       |       |     1 |       |       |     1 |     1 ||     3
Ability: Evoke Blink       |       |       |       |       |     1 |       |       |       |       ||     1
  Evoke: Wand              |       |       |     9 |       |     9 |     8 |    11 |     3 |     7 ||    47
         Box of beasts     |       |       |       |       |       |       |     1 |       |       ||     1
         Tin of tremorston |       |       |       |       |       |       |     1 |     1 |       ||     2
    Use: Potion            |       |     3 |     3 |     3 |     3 |     1 |     5 |    11 |    19 ||    48
         Scroll            |       |       |     8 |     7 |    15 |     5 |     6 |     9 |    15 ||    65
   Stab: Distracted        |       |     4 |       |     8 |    30 |    38 |    39 |    25 |    45 ||   189
         Paralysed         |       |       |       |     3 |       |       |     3 |     2 |       ||     8
         Invisible         |       |       |       |       |     2 |       |       |       |       ||     2
         Petrifying        |       |       |       |       |       |       |     1 |       |       ||     1
 Armour: Robe              |    10 |       |       |       |       |       |       |       |       ||    10
         Leather armour    |     6 |       |       |       |       |       |       |       |       ||     6
         Ring mail         |     4 |    27 |       |       |       |       |       |       |       ||    31
         Scale mail        |       |    28 |   229 |   249 |   346 |    43 |       |       |       ||   895
         Plate armour      |       |       |       |       |       |   474 |   530 |   323 |   555 ||  1882
  Dodge: Dodged            |    35 |    26 |   148 |   118 |   221 |   336 |   412 |   241 |   407 ||  1944
         Repelled          |       |       |       |     1 |     4 |    32 |     5 |    31 |    28 ||   101
  Block: Buckler           |       |       |   115 |   256 |   421 |   763 |   661 |   386 |   695 ||  3297

Table legend: (Time is in decaauts)
 A = Elapsed time spent in this place.
 B = Non-inter-level travel time spent in this place.
 C = Inter-level travel time spent in this place.
 D = Time resting spent in this place.
 E = Time spent auto-exploring this place.
 F = Levels seen in this place.
 G = Mean time per level.
                   A        B        C        D        E       F      G
               +--------+--------+--------+--------+--------+-----+--------+
         Total |  50013 |  39708 |  10305 |   8878 |      0 |  65 |  769.4 |
       Dungeon |  12950 |   8793 |   4157 |   1900 |      0 |  15 |  863.3 |
        Temple |     32 |      2 |     30 |      0 |      0 |   1 |   32.0 |
          Lair |   4357 |   3145 |   1212 |    634 |      0 |   5 |  871.4 |
        Shoals |   2796 |   2477 |    319 |    379 |      0 |   4 |  699.0 |
     Snake Pit |   4806 |   3699 |   1107 |   1015 |      0 |   4 | 1201.5 |
    Slime Pits |    682 |    654 |     28 |    214 |      0 |   5 |  136.4 |
  Orcish Mines |   1577 |   1341 |    236 |    211 |      0 |   2 |  788.5 |
   Elven Halls |   2926 |   2390 |    536 |     35 |      0 |   3 |  975.3 |
        Vaults |   6851 |   5473 |   1378 |    862 |      0 |   5 | 1370.2 |
        Depths |   6771 |   5641 |   1130 |   2338 |      0 |   4 | 1692.8 |
          Hell |      9 |      9 |      0 |      0 |      0 |   1 |    9.0 |
           Zot |   2341 |   2172 |    169 |    415 |      0 |   5 |  468.2 |
         Abyss |    511 |    511 |      0 |     11 |      0 |   2 |  255.5 |
   Pandemonium |   2350 |   2350 |      0 |    677 |      0 |   5 |  470.0 |
        Bazaar |    161 |    161 |      0 |      0 |      0 |   1 |  161.0 |
         Trove |     35 |     35 |      0 |      0 |      0 |   1 |   35.0 |
         Sewer |    349 |    349 |      0 |      0 |      0 |   1 |  349.0 |
      Ice Cave |    502 |    502 |      0 |    181 |      0 |   1 |  502.0 |
               +--------+--------+--------+--------+--------+-----+--------+

Top non-repeatable levels by time:
Depths:2: 2055 daAuts
 Snake:4: 1852 daAuts
Depths:1: 1846 daAuts
Vaults:4: 1815 daAuts
Depths:3: 1746 daAuts
     D:9: 1552 daAuts
    D:12: 1439 daAuts
Vaults:1: 1397 daAuts
Vaults:3: 1362 daAuts
    D:15: 1323 daAuts
Vaults:2: 1315 daAuts
     D:8: 1275 daAuts
   Elf:3: 1212 daAuts
 Snake:1: 1143 daAuts
Depths:4: 1122 daAuts
